 Dungeon Crawl Stone Soup version 0.29.1-15-g9cfb28693d (webtiles) character file.

Game seed: 375855530015093764

823781 Seidenschwarz the Archmage (level 27, -16/186 HPs)
             Began as a Deep Elf Conjurer on Apr 24, 2023.
             Was the Champion of Vehumet.
             Killed from afar by an orb of fire (35 damage)
             ... with a bolt of fire
             ... on level 5 of the Realm of Zot on Apr 25, 2023.
             The game lasted 05:24:07 (68438 turns).

Seidenschwarz the Archmage (Deep Elf Conjurer)     Turns: 68438, Time: 05:24:08

Health: -16/186    AC: 15    Str:  7      XL:     27
Magic:  12/74      EV: 35    Int: 39 (40) God:    Vehumet [******]
Gold:   7184       SH:  0    Dex: 23      Spells: 3/80 levels left

rFire   + . .      SeeInvis +   w - +0 staff of Battle
rCold   + + .      Faith    .   (no shield)
rNeg    + . .      Spirit   .   d - +2 robe {Archmagi}
rPois   +          Reflect  .   X - +3 crown of Dyrovepreva {rElec Int+2 SInv}
rElec   +          Harm     .   t - +1 cloak of a ziggurat {+Inv rC+ rCorr}
rCorr   +          Rampage  .   N - +2 pair of gloves of Whack-A-Mole {rN+ Dex+3}
Will    +++..      Archmagi +   L - +2 pair of boots of Omission {rC+ Dex+4}
Stlth   +++++++... Clarity  +   Y - amulet of Fuaqoh {RegenMP +Blink Will+ Str+3 Dex+3}
HPRegen 0.41/turn               O - ring of Levity {Wiz rPois rC+ MP+9 Stlth+}
MPRegen 0.84/turn               I - ring "Dynk" {Fire MP+9}

@: on dragon call cooldown, studying 5 skills
A: antennae 1, clarity, noise suppression
}: 6/15 runes: serpentine, barnacled, slimy, silver, golden, abyssal
a: Renounce Religion, Evoke Blink, Evoke Invisibility


You were on level 5 of the Realm of Zot.
You worshipped Vehumet.
Vehumet was exalted by your worship.
You visited 14 branches of the dungeon, and saw 60 of its levels.
You visited the Abyss 1 time.
You visited 1 bazaar.
You visited 2 ziggurats, and saw 35 of their levels (deepest: 20).
You also visited: Gauntlet, Ice Cave, Wizlab and Desolation.

You collected 15130 gold pieces.
You spent 7946 gold pieces at shops.

Inventory:

Hand Weapons
 w - the +0 staff of Battle (weapon)
   (You acquired it on level 7 of the Dungeon)

   It enhances your conjuration magic.
   It summons a battlesphere in combat, with strength depending on Conjurations
   skill.
   Its strikes trigger the battlesphere's blasts.
Armour
 d - a +2 robe of the Archmagi (worn)
 t - the +1 cloak of a ziggurat (worn) {+Inv rC+ rCorr}
   (You bought it in a shop on level 2 of the Orcish Mines)

   rC:        It protects you from cold.
   +Inv:      It lets you turn invisible.
   rCorr:     It protects you from acid and corrosion.
 E - the +0 pair of gloves of the Lost Riding Seas {rCorr Int+4 Dex-3}
   (You found it in the Desolation of Salt)

   Int:       It affects your intelligence (+4).
   Dex:       It affects your dexterity (-3).
   rCorr:     It protects you from acid and corrosion.
 L - the +2 pair of boots of Omission (worn) {rC+ Dex+4}
   (You found it in a Gauntlet)

   Dex:       It affects your dexterity (+4).
   rC:        It protects you from cold.
 N - the +2 pair of gloves of Whack-A-Mole (worn) {rN+ Dex+3}
   (You bought it in a shop on level 5 of the Vaults)

   Dex:       It affects your dexterity (+3).
   rN:        It protects you from negative energy.
 X - the +3 crown of Dyrovepreva (worn) {rElec Int+2 SInv}
   (You found it on level 8 of a ziggurat)

   Int:       It affects your intelligence (+2).
   rElec:     It insulates you from electricity.
   SInv:      It lets you see invisible.
Jewellery
 c - the ring of Wu Jian's Supremacy {rElec rC+ rN+ Int-4 Dex+2}
   (You took it off a servant of whispers in the Desolation of Salt)

   [ring of positive energy]

   Int:       It affects your intelligence (-4).
   Dex:       It affects your dexterity (+2).
   rC:        It protects you from cold.
   rElec:     It insulates you from electricity.
   rN:        It protects you from negative energy.
 i - the ring "Beudel" {rPois rC+ rCorr Str-3}
   (You found it on level 19 of a ziggurat)

   [ring of protection from cold]

   Str:       It affects your strength (-3).
   rC:        It protects you from cold.
   rPois:     It protects you from poison.
   rCorr:     It protects you from acid and corrosion.
 l - the ring "Cyopisyi" {Drain Will+ Str+6 Int+8}
   (You found it on level 3 of the Tomb of the Ancients)

   [ring of strength]

   Str:       It affects your strength (+6).
   Int:       It affects your intelligence (+8).
   Drain:     It drains your maximum health when unequipped.
   Will:      It increases your willpower.
 r - the ring "Kaisseini" {rF+ rC+ rN+ Dex-3}
   (You took it off a deep elf archer on level 1 of the Elven Halls)

   [ring of positive energy]

   Dex:       It affects your dexterity (-3).
   rF:        It protects you from fire.
   rC:        It protects you from cold.
   rN:        It protects you from negative energy.
 u - the amulet of the King {Reflect rN+++ Will- rCorr Dex+6 SH+5}
   (You bought it in a shop in a bazaar)

   [amulet of reflection]

   It reflects blocked missile attacks.
   Dex:       It affects your dexterity (+6).
   rN:        It renders you almost immune to negative energy.
   rCorr:     It protects you from acid and corrosion.
   SH:        It affects your SH (+5).
   Will:      It decreases your willpower.
 y - the ring "Ynaegic" {Contam rPois rC+ Int+6}
   (You took it off an imperial myrmidon in the Desolation of Salt)

   [ring of intelligence]

   Int:       It affects your intelligence (+6).
   rC:        It protects you from cold.
   rPois:     It protects you from poison.
   Contam:    It causes magical contamination when unequipped.
 A - the amulet of the Sky {Acrobat rElec rPois rC+ Dex+7}
   (You took it off a deep elf zephyrmancer on level 1 of the Elven Halls)

   [amulet of the acrobat]

   It increases your evasion while moving and waiting.
   Dex:       It affects your dexterity (+7).
   rC:        It protects you from cold.
   rElec:     It insulates you from electricity.
   rPois:     It protects you from poison.
 H - the ring of Ziost {rElec rC+ Int+6 Dex+4 SInv}
   (You bought it in a shop on level 11 of the Dungeon)

   [ring of intelligence]

   Int:       It affects your intelligence (+6).
   Dex:       It affects your dexterity (+4).
   rC:        It protects you from cold.
   rElec:     It insulates you from electricity.
   SInv:      It lets you see invisible.
 I - the ring "Dynk" (right hand) {Fire MP+9}
   (You found it on level 11 of the Dungeon)

   [ring of fire]

   It enhances your fire magic.
   rF:        It protects you from fire.
   rC:        It makes you vulnerable to cold.
   MP:        It affects your magic capacity (+9).
 O - the ring of Levity (left hand) {Wiz rPois rC+ MP+9 Stlth+}
   (You bought it in a shop on level 2 of the Depths)

   [ring of wizardry]

   It improves your spell success rate.
   rC:        It protects you from cold.
   rPois:     It protects you from poison.
   MP:        It affects your magic capacity (+9).
   Stlth:     It makes you more stealthy.
 P - the ring "Wonecvyu" {rC+ Str+4 Int+9 Slay-3}
   (You found it on level 7 of a ziggurat)

   [ring of protection from cold]

   Str:       It affects your strength (+4).
   Int:       It affects your intelligence (+9).
   Slay:      It affects your accuracy & damage with ranged weapons and melee
   (-3).
   rC:        It protects you from cold.
 Y - the amulet of Fuaqoh (around neck) {RegenMP +Blink Will+ Str+3 Dex+3}
   (You found it on level 5 of the Lair of Beasts)

   [amulet of magic regeneration]

   It increases your rate of magic regeneration.
   Str:       It affects your strength (+3).
   Dex:       It affects your dexterity (+3).
   +Blink:    It lets you blink.
   Will:      It increases your willpower.
Wands
 e - a wand of iceblast (50)
 f - a wand of mindburst (48)
 g - a wand of charming (24)
 k - a wand of polymorph (39)
 q - a wand of digging (10)
Scrolls
 b - 2 scrolls of blinking
 h - a scroll of poison
 n - 19 scrolls of fog
 x - 14 scrolls of fear
 z - 11 scrolls of amnesia
 B - 10 scrolls of enchant armour
 F - 2 scrolls of brand weapon
 M - 5 scrolls of magic mapping (quivered)
 U - 9 scrolls of silence
 V - 11 scrolls of enchant weapon
 Z - 36 scrolls of teleportation
Potions
 a - 3 potions of might
 j - 6 potions of heal wounds
 m - 3 potions of berserk rage
 o - 9 potions of magic
 p - 2 potions of ambrosia
 s - 27 potions of curing
 v - 2 potions of cancellation
 C - 11 potions of flight
 G - a potion of resistance
 J - 2 potions of invisibility
 K - 6 potions of mutation
 Q - 13 potions of haste
 S - 4 potions of brilliance


   Skills:
 * Level 22.8 Fighting
 - Level 4.0 Armour
 + Level 26.0 Dodging
 - Level 13.7 Stealth
 - Level 1.0 Shields
 O Level 27 Spellcasting
 O Level 27 Conjurations
 - Level 3.0 Hexes
 - Level 22.2 Summonings
 - Level 4.9 Translocations
 - Level 21.0 Fire Magic
 - Level 13.0 Air Magic
 - Level 15.7 Earth Magic
 - Level 2.1 Evocations


You had 3 spell levels left.
You knew the following spells:

 Your Spells              Type           Power      Damage    Failure   Level
a - Magic Dart            Conj           100%       1d8       0%          1
b - Searing Ray           Conj           100%       2d8       0%          2
c - Iskenderun's Mystic   Conj/Tloc      100%       2d19      0%          4
d - Chain Lightning       Conj/Air       84%        3d112     1%          9
e - Fireball              Conj/Fire      100%       3d36      0%          5
f - Iron Shot             Conj/Erth      86%        9d16      0%          6
g - Fire Storm            Conj/Fire      100%       8d25      1%          9
h - Lehudib's Crystal Sp  Conj/Erth      86%        10d19     1%          8
i - Spellforged Servitor  Conj/Summ      89%        N/A       0%          7
j - Shatter               Erth           66%        3d49*     6%          9
k - Dragon's Call         Summ           74%        N/A       1%          9
m - Summon Horrible Thin  Summ           74%        N/A       1%          8

Your spell library contained the following spells:

 Spells                   Type           Power      Damage    Failure   Level
 Foxfire                  Conj/Fire      100%       2x1d9     0%          1
 Sandblast                Erth           100%       2d20      0%          1
 Shock                    Conj/Air       100%       1d9       0%          1
 Summon Small Mammal      Summ           100%       N/A       0%          1
 Call Imp                 Summ           100%       N/A       0%          2
 Passwall                 Tmut/Erth      89%        N/A       0%          2
 Scorch                   Fire           100%       2d10      0%          2
 Static Discharge         Conj/Air       100%       3-16/arc  0%          2
 Call Canine Familiar     Summ           100%       N/A       0%          3
 Dazzling Flash           Conj/Hex       100%       N/A       0%          3
 Inner Flame              Hex/Fire       100%       N/A       0%          3
 Mephitic Cloud           Conj/Pois/Air  100%       N/A       0%          3
 Stone Arrow              Conj/Erth      100%       3d13      0%          3
 Summon Guardian Golem    Hex/Summ       100%       N/A       0%          3
 Swiftness                Air            100%       N/A       0%          3
 Apportation              Tloc           100%       N/A       1%          1
 Beastly Appendage        Tmut           100%       N/A       1%          1
 Freeze                   Ice            100%       1d11      1%          1
 Necrotise                Necr           100%       1d9       1%          1
 Slow                     Hex            100%       N/A       1%          1
 Sting                    Tmut/Pois      100%       1d8       1%          1
 Blink                    Tloc           100%       N/A       1%          2
 Ensorcelled Hibernation  Hex/Ice        100%       N/A       1%          2
 Poisonous Vapours        Pois/Air       100%       N/A       1%          2
 Sublimation of Blood     Necr           68%        N/A       1%          2
 Wereblood                Tmut           68%        N/A       1%          2
 Confusing Touch          Hex            85%        N/A       1%          3
 Frozen Ramparts          Ice            100%       1d16      1%          3
 Gell's Gravitas          Tloc           95%        N/A       1%          3
 Ignite Poison            Fire/Tmut/Pois 100%       N/A       1%          3
 Lesser Beckoning         Tloc           95%        N/A       1%          3
 Ozocubu's Armour         Ice            68%        N/A       1%          3
 Portal Projectile        Hex/Tloc       100%       N/A       1%          3
 Spider Form              Tmut/Pois      68%        N/A       1%          3
 Teleport Other           Tloc           95%        N/A       1%          3
 Tukima's Dance           Hex            85%        N/A       1%          3
 Vampiric Draining        Necr           68%        2d10      1%          3
 Airstrike                Air            62%        2d(9-25)  0%          4
 Animate Armour           Summ/Erth      100%       N/A       0%          4
 Flame Wave               Conj/Fire      100%       2d21      0%          4
 Fulminant Prism          Conj/Hex       77%        3d32      0%          4
 Hailstorm                Conj/Ice       100%       3d20      0%          4
 Sticky Flame             Conj/Fire      100%       2d11      0%          4
 Summon Lightning Spire   Summ/Air       100%       N/A       0%          4
 Iskenderun's Battlesphe  Conj           100%       2d15      0%          5
 Lightning Bolt           Conj/Air       84%        1d111     0%          5
 Starburst                Conj/Fire      100%       6d25      0%          6
 Summon Cactus Giant      Summ           74%        N/A       0%          6
 Anguish                  Hex/Necr       38%        N/A       1%          4
 Animate Dead             Necr           68%        N/A       1%          4
 Cause Fear               Hex            42%        N/A       1%          4
 Corpse Rot               Necr/Pois/Air  92%        N/A       1%          4
 Dispel Undead            Necr           68%        3d23      1%          4
 Ice Form                 Ice/Tmut       68%        N/A       1%          4
 Olgreb's Toxic Radiance  Pois           68%        N/A       1%          4
 Passage of Golubria      Tloc           95%        N/A       1%          4
 Petrify                  Tmut/Erth      100%       N/A       1%          4
 Summon Ice Beast         Ice/Summ       100%       N/A       1%          4
 Borgnjor's Vile Clutch   Necr/Erth      53%        N/A       1%          5
 Freezing Cloud           Conj/Ice/Air   75%        6-21      1%          5
 Irradiate                Conj/Tmut      75%        3d36      1%          5
 Manifold Assault         Tloc           95%        N/A       1%          5
 Metabolic Englaciation   Hex/Ice        38%        N/A       1%          5
 Silence                  Hex/Air        53%        N/A       1%          5
 Summon Forest            Summ/Tloc      63%        N/A       1%          5
 Summon Mana Viper        Hex/Summ       100%       N/A       1%          5
 Yara's Violent Unravell  Hex/Tmut       38%        3d15      1%          5
 Statue Form              Tmut/Erth      71%        N/A       1%          6
 Haunt                    Necr/Summ      59%        N/A       1%          7
 Malign Gateway           Summ/Tloc      63%        N/A       1%          7
 Monstrous Menagerie      Summ           74%        N/A       1%          7
 Summon Hydra             Summ           74%        N/A       1%          7
 Ignition                 Fire           85%        3d22      1%          8
 Maxwell's Capacitive Co  Air            62%        ∞         1%          8
 Dispersal                Tloc           47%        N/A       2%          6
 Agony                    Necr           68%        N/A       3%          5
 Alistair's Intoxication  Tmut/Pois      45%        N/A       3%          5
 Blade Hands              Tmut           34%        N/A       3%          5
 Eringya's Noxious Bog    Tmut/Pois      34%        N/A       6%          6
 Storm Form               Tmut/Air       50%        N/A       8%          7
 Death Channel            Necr           34%        N/A       21%         6
 Simulacrum               Ice/Necr       34%        N/A       21%         6
 Ozocubu's Refrigeration  Ice            34%        4d15      26%         7
 Enfeeble                 Hex            42%        N/A       32%         7
 Dragon Form              Tmut           34%        N/A       69%         7
 Disjunction              Tloc           47%        N/A       71%         8
 Discord                  Hex            42%        N/A       91%         8
 Borgnjor's Revivificati  Necr           34%        N/A       100%        8
 Infestation              Necr           34%        N/A       100%        8
 Necromutation            Tmut/Necr      34%        N/A       100%        8
 Death's Door             Necr           34%        N/A       100%        9
 Polar Vortex             Ice            34%        N/A       100%        9


Dungeon Overview and Level Annotations

Branches:
Dungeon (15/15)            Temple (1/1) D:5            Lair (5/5) D:9
 Shoals (4/4) Lair:3        Snake (4/4) Lair:3        Slime (5/5) Lair:4
    Orc (2/2) D:11            Elf (3/3) Orc:2        Vaults (5/5) D:14
  Crypt (3/3) Vaults:3       Tomb (3/3) Crypt:3      Depths (4/4) D:15
   Hell (visited)             Zot (5/5) Depths:4      IceCv (visited)
 WizLab (visited)         Desolation (visited)      Gauntlet (visited)
    Dis: Hell:1         Geh: Hell:1         Coc: Hell:1         Tar: Hell:1

Altars:
Ashenzari
Cheibriados
Dithmenos
Elyvilon
Fedhas
Gozag
Kikubaaqudgha
Makhleb
Okawaru
Qazlal
Ru
Sif Muna
Trog
Uskayaw
Vehumet
Xom
Yredelemnul
Zin
The Shining One
Jiyva

Shops:
D:4 *   D:9 [   D:11 =   D:12 [   Orc:2 !(:[*   Elf:1 [   Elf:2 (
Shoals:3 (*[*(   Snake:1 *::   Snake:3 *   Vaults:3 :   Vaults:5 ??[!?[!
Depths:2 =:=

Portals:
Hell: Depths:1 Depths:2 Depths:3 Depths:4
Abyss: D:6 Depths:1 Depths:2 Depths:3
Pandemonium: Depths:1 Depths:2 Depths:4

Annotations:
D:3 1 runed translucent door
D:6 2 transporters
Zot:2 2 runed translucent doors, Varphup's ghost, legendary FoFi


Innate Abilities, Weirdness & Mutations

You have a pair of small antennae on your head.
You possess an exceptional clarity of mind.
You passively dampen the noise of your surroundings.


Message History

Unknown command.
Casting: Lehudib's Crystal Spear (mildly dangerous; 1% risk of failure)
Confirm with . or Enter, or press ? or * to list all spells.
You feel a surge of power!
Your mind briefly shatters, though you barely manage to hold yourself together.
You feel dopey.
The orb of fire glows red.
The fireball explodes!
The fireball engulfs your battlesphere!
Your battlesphere resists.
The orb of fire glows bright magenta.
The bolt of fire hits your battlesphere.
Your battlesphere resists.
The orb of fire glows red.
The fireball explodes!
The fireball engulfs your large abomination!!!!
Your large abomination is destroyed!
Your large abomination disappears in a puff of smoke!
The fireball engulfs your large abomination!!!
Your large abomination is destroyed!
Your large abomination disappears in a puff of smoke!
The fireball engulfs your large abomination!!!!
Your large abomination is destroyed!
Your large abomination disappears in a puff of smoke!
Your large abomination hits the orb of fire but does no damage.
Things that are here:
a +8 club of pain; a Killer Klown corpse Your large abomination completely misses the orb of fire.
The orb of fire emits a lurid red light.
The bolt of fire hits your battlesphere!
Your battlesphere resists.
The bolt of fire hits you!! You resist.
* * * LOW HITPOINT WARNING * * *
The orb of fire glows deep purple.
The fireball explodes!
The fireball engulfs your battlesphere!
Your battlesphere resists.
Your battlesphere is destroyed!
You conjure a globe of magical energy.
The orb of fire glows red.
The bolt of fire hits you!! You resist.
You die...

^,,,,* ##.......^...##
*,,,,,,, ,,,,**
#.............# **,,,,,,
,,,** *#.....*...[...#*
**,,,,, ,,**
#.......).......# **,,,,
###▓▓▓▓########○########
*****
..##.....##...#.......#
^.##.....##...##......##
.<.'...........#.^.....#
...#.......⌠...#@......#
...#...................#
.<.#.....##....^..*...##
...#.....##############
..##......# ..##.....##
..######## ,,⌠* ,,,*


You could see an orb of fire and a friendly battlesphere.

Vanquished Creatures
  the Royal Jelly (Slime:5)
  12 dread liches
  5 pandemonium lords
  2 orbs of fire (Zot:5)
  3 ancient liches
  A juggernaut (Zig:8)
  12 royal mummies
  Josephina (Depths:4)
  6 Killer Klowns
  A shard shrike (Zig:14)
  Saint Roka (Snake:2)
  8 caustic shrikes
  Frederick (Vaults:4)
  A curse toe (Zig:11)
  Geryon (Hell)
  Jory (Crypt:1)
  the Enchantress (Depths:3)
  6 golden dragons
  Nikola (Shoals:4)
  A profane servitor (Zig:18)
  6 bone dragons
  3 electric golems
  An iron giant (Zig:2)
  7 tentacled monstrosities
  Zenata (Elf:1)
  Rupert (Snake:1)
  10 Orb Guardians (Zot:5)
  A hellephant (Abyss:4)
  4 liches
  4 walking earthen tomes
  2 Ice Fiends
  3 walking divine tomes
  2 walking frostbound tomes
  6 deep elf master archers
  5 quicksilver dragons
  12 titans
  13 acid blobs
  An Executioner (Zig:12)
  12 sphinxes
  14 ancient champions
  6 deep elf blademasters
  Gastronok (Lair:3)
  Kirke (Snake:2)
  A death cob (Zot:1)
  8 shadow dragons
  11 tentacled starspawn
  8 tengu reavers
  10 nagarajas
  12 revenants
  5 storm dragons
  15 fire giants
  A daeva (Zig:18)
  2 draconian monks
  The ghost of Kicir the Blocker, an adept GnFi of Okawaru (Snake:2)
  5 narguns
  2 strange machines (WizLab)
  A fire giant (shapeshifter) (Zig:6)
  11 azure jellies
  7 deep elf sorcerers
  13 rockslimes
  3 draconian scorchers
  An emperor scorpion (Zig:15)
  7 draconian knights
  4 imperial myrmidons (Desolation)
  6 balrugs
  3 juggernaut zombies
  24 vault wardens
  16 frost giants
  3 orc warlords
  7 curse skulls
  A spectral juggernaut (Crypt:1)
  Aizul (Elf:1)
  A draconian shifter (Zig:10)
  4 spriggan defenders
  8 draconian annihilators
  4 draconian stormcallers
  13 ghouls
  12 quicksilver oozes
  7 deep elf elementalists
  A juggernaut skeleton (D:15)
  30 very ugly things
  2 angels (Vaults:2)
  3 war gargoyles
  3 reapers
  5 bennus
  13 ironbound preservers
  8 ironbound thunderhulks
  30 stone giants
  A stone giant (shapeshifter) (Zig:12)
  11 vampire knights
  3 demonspawn black suns
  2 green draconians
  7 black draconians
  2 yellow draconians
  5 deep elf annihilators
  6 purple draconians
  4 entropy weavers
  6 red draconians
  25 dire elephants
  10 deep elf demonologists
  2 halazid warlocks (Desolation)
  A wendigo (Depths:2)
  A minotaur (Gauntlet)
  A minotaur (shapeshifter) (Elf:3)
  A lorocyproca (Zig:18)
  5 spark wasps
  A spectral titan (Crypt:1)
  A white draconian (Zot:5)
  8 blizzard demons
  4 crystal guardians
  13 jiangshi
  Snorg (D:10)
  23 eidola
  9 deep elf death magi
  19 mummy priests
  A merfolk javelineer (Shoals:4)
  13 ettins
  5 fire dragons
  17 yaktaur captains
  8 ragged hierophants (Desolation)
  11 great orbs of eyes
  7 merfolk impalers
  2 caustic shrike simulacra
  29 vault guards
  3 deep elf high priests
  7 rakshasas
  3 spriggan zombies (Crypt:3)
  3 salamander tyrants
  6 hydras
  9 ice dragons
  A juggernaut simulacrum (Zig:14)
  6 ironbound frosthearts
  4 peacekeepers
  3 boulder beetles
  An ogre mage (Zig:9)
  15 anacondas
  An alligator snapping turtle (Zig:7)
  2 jorogumos
  A hell beast (Crypt:1)
  7 servants of whispers (Desolation)
  The ghost of javelincjr the Fighter, a journeyman DsHW of Hepliaklqana (D:11)
  A ghost crab (Zig:11)
  7 naga warriors
  20 centaur warriors
  3 radroaches (Zig:8)
  An anaconda (shapeshifter) (Zig:6)
  18 spriggan air magi
  A catoblepas (Lair:5)
  5 death knights
  A bennu skeleton (Crypt:2)
  A stoker (Zig:12)
  47 dancing weapons
  A satyr (Shoals:2)
  7 merfolk aquamancers
  3 merfolk avatars
  7 tengu warriors
  7 death yaks
  4 two-headed ogres
  Urug (D:14)
  14 thrashing horrors
  27 death scarabs
  14 shock serpents
  6 hell hogs
  4 deep troll shamans
  19 vampire magi
  5 deep troll earth magi
  17 naga sharpshooters
  5 orc high priests
  5 spriggan berserkers
  16 hell knights
  5 wretched stars
  11 large abominations
  2 sun demons (Hell)
  22 deep elf knights
  4 soul eaters
  Sonja (D:13)
  5 spriggans
  A spectral storm dragon (Crypt:1)
  2 sun moths (Zig:15)
  A titan skeleton (Crypt:1)
  4 salamander mystics
  9 shadow wraiths
  A sixfirhy (Zig:18)
  28 skeletal warriors
  A fire crab (shapeshifter) (Elf:1)
  7 iron trolls
  2 golden dragon zombies (Zig:10)
  2 pharaoh ants (Zig:5)
  3 spatial maelstroms
  3 steelbarb worms
  4 glowing orange brains
  A deep troll (shapeshifter) (Zig:6)
  11 sea snakes
  14 flayed ghosts
  2 orange crystal statues (Depths:2)
  2 orb spiders
  A spectral hydra (Crypt:1)
  4 lindwurms
  A steelbarb worm (shapeshifter) (Zig:13)
  42 deep trolls
  A glowing orange brain (shapeshifter) (Zig:9)
  3 shadow demons
  An obsidian statue (Gauntlet)
  40 starcursed masses
  The ghost of KittyFluff the Cudgeller, a novice GrBe of Trog (D:6)
  12 naga ritualists
  4 wizards
  An anaconda skeleton (Abyss:4)
  25 deep elf archers
  A spriggan simulacrum (Zig:14)
  14 ironbound convokers
  12 harpies
  A mana viper (shapeshifter) (Zig:13)
  28 phantasmal warriors
  12 orc knights
  A harpy (shapeshifter) (Elf:3)
  A wolf spider (shapeshifter) (Zig:9)
  10 necromancers
  30 deep elf zephyrmancers
  A wolf spider (Zig:15)
  A stone giant zombie (Zig:1)
  13 mana vipers
  50 deep elf pyromancers
  5 shining eyes
  37 ugly things
  A cyclops (shapeshifter) (Zig:12)
  11 manticores
  4 fauns
  3 oklob plants
  2 spectral centaurs (Crypt:1)
  5 orc sorcerers
  A frost giant zombie (Zig:10)
  8 cyclopes
  7 salamanders
  20 elephants
  2 moths of wrath (shapeshifter)
  A guardian serpent (shapeshifter) (Zig:9)
  9 moths of wrath
  10 merfolk sirens
  2 centaur zombies (Crypt:3)
  3 smoke demons
  13 guardian serpents
  An ice statue (IceCv)
  A molten gargoyle (Desolation)
  54 black mambas
  An apocalypse crab (Zig:6)
  A frost giant skeleton (Vaults:3)
  7 vault sentinels
  4 torpor snails
  2 naga zombies
  9 naga magi
  14 water nymphs
  3 eyes of devastation
  8 cane toads
  An alligator snapping turtle zombie (Crypt:3)
  4 hellions
  A storm dragon simulacrum (Depths:2)
  2 kobold demonologists
  8 komodo dragons
  18 freezing wraiths
  A yaktaur (shapeshifter) (Elf:1)
  A black draconian zombie (Crypt:2)
  25 yaktaurs
  5 tengu conjurers
  3 unseen horrors
  3 demonic crawlers
  16 ice devils
  3 rime drakes
  A spriggan skeleton (D:15)
  2 tormentors
  3 anaconda simulacra (IceCv)
  5 ancient zymes
  11 trolls
  37 guardian mummies
  7 red devils
  2 harpy zombies (Crypt:3)
  The ghost of Abimelech the Chopper, an amateur DrBe of Trog (D:3)
  3 golden dragon simulacra (Depths:2)
  9 wind drakes
  An iron troll skeleton (Crypt:2)
  2 spectral harpies (Crypt:1)
  A sphinx simulacrum (Zig:14)
  A polar bear (Lair:5)
  2 ettin zombies (Crypt:3)
  5 hornets
  A hydra skeleton (Crypt:1)
  8 blink frogs
  101 slime creatures
  24 merfolk
  17 raiju
  47 saltlings (Desolation)
  A tengu simulacrum (Depths:4)
  6 dream sheep
  Prince Ribbit (D:9)
  2 dream sheep (shapeshifter)
  An iron dragon simulacrum (Depths:4)
  A jumping spider (Zig:15)
  7 snapping turtles
  A black mamba zombie (Crypt:3)
  4 culicivoras
  An ettin skeleton (Vaults:3)
  40 flying skulls
  3 dire elephant simulacra (IceCv)
  4 ynoxinuls
  8 air elementals
  6 centaur simulacra
  21 water elementals
  8 ushabtiu
  57 yaks
  2 hogs (Snake:2)
  7 wraiths
  2 golden eyes (Slime:5)
  16 humans (D:14)
  Grum (D:11)
  5 wyverns
  2 basilisks
  7 fire elementals
  3 chaos spawn
  5 death yak simulacra (IceCv)
  2 redbacks (Zig:8)
  10 vampire mosquitoes
  4 neqoxecs
  A harpy simulacrum (Crypt:1)
  A steam dragon (D:10)
  2 swamp worms (shapeshifter)
  31 nagas
  4 wargs
  2 acid dragons
  9 water moccasins
  A hydra simulacrum (IceCv)
  2 floating eyes (shapeshifter)
  A deep troll skeleton (Crypt:1)
  3 human skeletons
  27 orc warriors
  3 ettin simulacra (Depths:3)
  A sky beast (D:7)
  6 ice beasts
  3 black bears
  10 wolves
  A floating eye zombie (Zig:10)
  6 ogres
  9 boggarts (Vaults:2)
  5 small abominations
  16 centaurs
  A manticore skeleton (Crypt:2)
  An elephant skeleton (Crypt:1)
  3 kobold brigands
  A phantom (Crypt:3)
  4 gnoll sergeants
  A two-headed ogre simulacrum (IceCv)
  8 bullfrogs
  5 cane toad simulacra
  A glowing shapeshifter simulacrum (Zig:14)
  10 necrophages
  3 scorpions
  A yaktaur skeleton (Crypt:1)
  7 earth elementals
  13 wights
  12 killer bees
  5 elephant simulacra (IceCv)
  2 electric eels (Lair:3)
  A polar bear skeleton (Crypt:2)
  5 howler monkeys
  A crimson imp (D:9)
  A wolf skeleton (Crypt:1)
  A bullfrog zombie (Crypt:1)
  5 orc priests
  2 hounds
  4 jellies
  2 gnoll boudas (D:6)
  An iron imp (Abyss:1)
  An iguana (D:5)
  8 orc wizards
  7 hell rats (Hell)
  4 polar bear simulacra (IceCv)
  2 wolf simulacra (IceCv)
  A naga skeleton (Crypt:1)
  A boggart simulacrum (D:15)
  24 mummies
  17 gnolls
  14 adders
  3 river rats
  2 naga simulacra (IceCv)
  10 white imps
  5 ufetubi
  3 worms
  2 dart slugs
  52 orcs
  3 bats
  3 endoplasms
  2 giant cockroaches
  3 goblins
  6 hobgoblins
  7 quokkas
  6 ball pythons
  5 frilled lizards
  17 kobolds
  3 rats
  3 bushes (Lair:3)
  2 fire vortices
  A fulminant prism (Elf:3)
  2 plants
  3 starspawn tentacles (Abyss:4)
2915 creatures vanquished.

Vanquished Creatures (collateral kills)
  5 royal mummies
  Margery (Vaults:5)
  Xtahua (Vaults:4)
  2 profane servitors
  2 golden dragons
  A bone dragon (Crypt:3)
  An electric golem (Zig:15)
  2 hellephants (Zig:12)
  A Brimstone Fiend (Zig:12)
  A tentacled monstrosity (Vaults:5)
  A titan (Zig:16)
  A tentacled starspawn (Zig:18)
  A death cob (Zot:1)
  2 storm dragons
  5 ancient champions
  3 sphinxes (Tomb:1)
  3 tengu reavers (Vaults:5)
  A shadow dragon (Zot:3)
  4 revenants
  2 draconian monks
  2 nagarajas (Zig:13)
  An azure jelly (Slime:5)
  A draconian scorcher (Zot:1)
  4 balrugs (Zig:12)
  A ghost moth (Zig:15)
  2 draconian shifters (Zot:1)
  A curse skull (Zig:17)
  A deep elf elementalist (Zig:14)
  6 ghouls
  2 ironbound preservers
  A broodmother (Zig:15)
  A very ugly thing (Zig:18)
  2 green draconians (Zot:5)
  7 bennus
  A vampire knight (Zig:17)
  A white draconian (Zot:5)
  4 red draconians
  2 entropy weavers (Zig:15)
  4 purple draconians
  2 black draconians (Zot:1)
  A yellow draconian (Zot:5)
  A crystal guardian (Zig:18)
  2 eidola (Crypt:3)
  A spectral elf (Crypt:1)
  2 deep elf death magi
  2 mummy priests (Tomb:2)
  A yaktaur captain (Vaults:4)
  A spectral spriggan (Crypt:1)
  2 spriggan zombies
  A nameless horror (Tomb:1)
  2 spriggan air magi (Zig:15)
  A great orb of eyes (Lair:1)
  The ghost of mkat the Magician, a journeyman DrCK of Xom (Lair:1)
  3 vault guards (Vaults:5)
  2 salamander tyrants
  A naga warrior (Zig:13)
  A spriggan skeleton (Tomb:3)
  2 radroaches (Zig:15)
  17 death scarabs
  2 dancing weapons
  5 hell hogs
  3 thrashing horrors (Abyss:4)
  2 vampire magi (Crypt:1)
  3 naga sharpshooters
  4 shock serpents
  2 soul eaters (Hell)
  4 hell knights
  A wretched star (Abyss:4)
  A salamander mystic (Zig:13)
  11 skeletal warriors
  A spatial maelstrom (Zig:18)
  A shadow wraith (Zig:18)
  An anaconda zombie (Crypt:3)
  A quicksilver dragon simulacrum (Depths:4)
  A glowing orange brain (Abyss:4)
  A naga ritualist (Snake:4)
  A deep troll (Depths:3)
  A deep elf archer (Zig:14)
  2 orb spiders (Zig:15)
  6 phantasmal warriors (Crypt:3)
  A lindwurm (Vaults:4)
  2 obsidian statues (Zig:12)
  A ghost moth zombie (Crypt:1)
  A bog body (Crypt:2)
  A mana viper (Snake:2)
  An orange crystal statue (Zig:12)
  A wolf spider (Zig:15)
  A deep elf pyromancer (Zig:14)
  An ugly thing (Abyss:5)
  A spectral fire dragon (Crypt:1)
  A frost giant zombie (Crypt:1)
  A moth of wrath (shapeshifter) (Zig:14)
  6 salamanders
  7 moths of wrath
  A human skeleton (Vaults:3)
  9 large abominations
  A rust devil (Abyss:4)
  3 smoke demons (Abyss:4)
  A black mamba (Snake:4)
  An ice statue (Zig:12)
  An apocalypse crab (Abyss:4)
  3 naga magi
  A guardian serpent (Snake:4)
  An alligator snapping turtle zombie (Crypt:3)
  A demonic crawler (Abyss:5)
  A rime drake (Zig:14)
  2 freezing wraiths
  An ice devil (Hell)
  19 guardian mummies
  5 ancient zymes
  A hornet (Depths:4)
  5 saltlings (Desolation)
  3 tarantellas (Zig:15)
  A blink frog (Abyss:4)
  4 slime creatures
  A raiju (Zig:15)
  A harpy skeleton (Tomb:3)
  An ettin zombie (Tomb:3)
  10 flying skulls
  2 jumping spiders (Zig:15)
  6 starcursed masses
  2 air elementals
  3 wraiths
  9 ushabtiu
  2 water elementals (Shoals:4)
  A golden eye (Zig:18)
  A chaos spawn (Abyss:4)
  2 redbacks (Zig:15)
  3 spatial vortices
  4 nagas
  2 hell hounds (Hell)
  2 small abominations (Abyss:4)
  A demonspawn skeleton (Crypt:2)
  A water nymph skeleton (Crypt:2)
  A sky beast (Abyss:1)
  A phantom (Crypt:3)
  7 necrophages
  5 wyvern skeletons (Crypt:3)
  2 jellies (Lair:1)
  23 mummies
  4 orcs (Snake:2)
  A ball python skeleton (Crypt:2)
  A jackal skeleton (Crypt:2)
  2 fire vortices
376 creatures vanquished.

Vanquished Creatures (others)
  A juggernaut simulacrum (Depths:4)
  An air elemental (Elf:2)
  2 humans (Snake:2)
  A golden eye (shapeshifter) (Elf:2)
  862 fire vortices
  66 fulminant prisms
  33 fungi
  113 plants
  12 starspawn tentacles
  35 withered plants
1126 creatures vanquished.

Grand Total: 4417 creatures vanquished

Notes
Turn   | Place    | Note
-------+----------+-------------------------------------------
     0 | D:1      | Seidenschwarz the Deep Elf Conjurer began the quest for the
                  | Orb.
     0 | D:1      | Reached XP level 1. HP: 10/10 MP: 6/6
   302 | D:1      | You fall into a shaft and drop 1 floor!
   465 | D:2      | Reached XP level 2. HP: 15/15 MP: 6/8
   516 | D:2      | Reached skill level 5 in Conjurations
   802 | D:2      | Reached XP level 3. HP: 19/19 MP: 3/9
   805 | D:2      | Learned a level 2 spell: Searing Ray
  1267 | D:3      | Found a bloodstained altar of Trog.
  1324 | D:3      | Found a runed translucent door.
  1324 | D:3      | Noticed a bullfrog
  1324 | D:3      | Noticed Abimelech's ghost (amateur DrBe)
  1457 | D:3      | Found a faded altar of an unknown god.
  1757 | D:3      | Found a runed translucent door.
  2074 | D:4      | Reached XP level 4. HP: 24/24 MP: 7/11
  2593 | D:4      | Reached XP level 5. HP: 28/28 MP: 7/13
  2598 | D:4      | Learned a level 4 spell: Iskenderun's Mystic Blast
  2603 | D:4      | Learned a level 4 spell: Fulminant Prism
  2725 | D:4      | Found Oclez's Serpentskin Sales.
  2725 | D:4      | Noticed a water moccasin
  2731 | D:4      | Killed a water moccasin
  2732 | D:4      | Reached skill level 5 in Spellcasting
  2982 | D:5      | Entered Level 5 of the Dungeon
  2985 | D:5      | Reached XP level 6. HP: 33/33 MP: 13/16
  3303 | D:5      | Found a staircase to the Ecumenical Temple.
  3313 | D:5      | Identified the +1 leather armour "Ynaadoinak" {Fly rElec
                  | Regen+}
  3321 | Temple   | Entered the Ecumenical Temple
  3367 | Temple   | Became a worshipper of Vehumet
  3484 | D:5      | Reached XP level 7. HP: 37/37 MP: 8/18
  3881 | D:5      | Found a sacrificial altar of Ru.
  3982 | D:6      | Found a burning altar of Makhleb.
  4371 | D:6      | Noticed a purple ugly thing
  4373 | D:6      | Identified the +10 hand axe of Fate {vorpal, rElec rPois
                  | rF+++ rC-}
  4381 | D:6      | Found a one-way gate to the infinite horrors of the Abyss.
  4382 | D:6      | Noticed KittyFluff's ghost (novice GrBe)
  4538 | D:6      | Reached * piety under Vehumet
  4538 | D:6      | Offered knowledge of Shock by Vehumet.
  4709 | D:6      | Found a transporter.
  4732 | D:6      | Noticed a purple ugly thing
  4746 | D:6      | Found a transporter.
  4772 | D:6      | Reached skill level 1 in Translocations
  4833 | D:6      | Reached skill level 1 in Armour
  4833 | D:6      | Reached XP level 8. HP: 12/42 MP: 4/22
  5011 | D:6      | Noticed a deep elf zephyrmancer
  5016 | D:6      | Killed a deep elf zephyrmancer
  5017 | D:6      | Reached skill level 1 in Hexes
  5264 | D:6      | Found a hide-covered altar of Uskayaw.
  5388 | D:6      | Found a shadowy altar of Dithmenos.
  5738 | D:7      | Found a shimmering blue altar of Sif Muna.
  5746 | D:7      | Found a white marble altar of Elyvilon.
  5858 | D:7      | Reached XP level 9. HP: 46/46 MP: 3/24
  6045 | D:7      | Reached skill level 10 in Spellcasting
  6048 | D:7      | Offered knowledge of Scorch by Vehumet.
  6291 | D:7      | Reached ** piety under Vehumet
  6758 | D:7      | Identified a scroll of acquirement
  6758 | D:7      | Acquired the +0 staff of Battle
  6758 | D:7      | Found the +0 staff of Battle
  6810 | D:8      | Found an iron altar of Okawaru.
  6893 | D:8      | Found a stormy altar of Qazlal.
  6952 | D:8      | Identified the +9 whip "Milo" {vamp, rN+}
  6953 | D:8      | Found a broken altar of Ashenzari.
  7055 | D:8      | Reached skill level 1 in Evocations
  7268 | D:8      | Noticed a two-headed ogre
  7272 | D:8      | Killed a two-headed ogre
  7273 | D:8      | Reached skill level 5 in Stealth
  7273 | D:8      | Reached skill level 10 in Conjurations
  7485 | D:8      | Acquired 794 gold pieces
  7507 | D:9      | Reached XP level 10. HP: 51/51 MP: 17/27
  7522 | D:9      | Noticed a red ugly thing
  7664 | D:9      | Noticed a death yak
  7667 | D:9      | Noticed a death yak
  7670 | D:9      | Offered knowledge of Ignite Poison by Vehumet.
  7673 | D:9      | Noticed a death yak
  7675 | D:9      | Killed a death yak
  7998 | D:9      | Got the Octavo of the Fey Crypt
  8068 | D:9      | Reached *** piety under Vehumet
  8076 | D:9      | Killed a death yak
  8176 | D:9      | Noticed a tengu warrior
  8181 | D:9      | Killed a tengu warrior
  8183 | D:9      | Reached XP level 11. HP: 55/55 MP: 18/31
  8187 | D:9      | Offered knowledge of Stone Arrow by Vehumet.
  8252 | D:9      | Killed a death yak
  8336 | D:9      | Killed a red ugly thing
  8348 | D:9      | Noticed Prince Ribbit
  8351 | D:9      | Killed Prince Ribbit
  8362 | D:9      | Reached skill level 1 in Fighting
  8533 | D:9      | Found a staircase to the Lair.
  8627 | D:9      | Found Li Erlang's Dragon-Slaying Spoils.
  9005 | D:10     | Entered Level 10 of the Dungeon
  9184 | D:10     | Reached **** piety under Vehumet
  9273 | D:10     | Noticed a sun demon
  9372 | D:10     | Noticed Snorg
  9378 | D:10     | Killed Snorg
  9378 | D:10     | Offered knowledge of Fireball by Vehumet.
  9379 | D:10     | Reached skill level 15 in Spellcasting
  9385 | D:10     | Learned a level 5 spell: Fireball
  9423 | D:10     | Found an opulent altar of Gozag.
  9707 | D:10     | Reached skill level 1 in Fire Magic
  9908 | D:10     | Found a blossoming altar of Fedhas.
  9969 | D:11     | Noticed Grum
  9969 | D:11     | Noticed a two-headed ogre
  9971 | D:11     | Killed Grum
  9973 | D:11     | Killed a two-headed ogre
 10024 | D:11     | Found Gostuwny's Jewellery Boutique.
 10050 | D:11     | Bought the ring of Ziost {rElec rC+ Int+6 Dex+4 SInv} for
                  | 974 gold pieces
 10195 | D:11     | Noticed javelincjr's ghost (journeyman DsHW)
 10197 | D:11     | Acquired 531 gold pieces
 10235 | D:11     | Reached ***** piety under Vehumet
 10237 | D:11     | Offered knowledge of Conjure Ball Lightning by Vehumet.
 10256 | D:11     | Found a staircase to the Orcish Mines.
 10349 | D:11     | Noticed a two-headed ogre
 10351 | D:11     | Killed a two-headed ogre
 10352 | D:11     | Reached XP level 12. HP: 62/62 MP: 23/34
 10416 | D:11     | Found a runed translucent gate.
 10416 | D:11     | Found a runed translucent gate.
 10416 | D:11     | Found a runed translucent gate.
 11062 | D:11     | Killed javelincjr's ghost
 11149 | D:11     | Got the ring "Dynk" {Fire MP+9}
 11291 | Lair:1   | Entered Level 1 of the Lair of Beasts
 11418 | Lair:1   | Found a gate leading to a gauntlet.
 11431 | Gauntlet | Entered a Gauntlet
 11431 | Gauntlet | Found a transporter.
 11431 | Gauntlet | Found a transporter.
 11449 | Gauntlet | Found a transporter.
 11452 | Gauntlet | Found a transporter.
 11460 | Gauntlet | Found a transporter.
 11465 | Gauntlet | Found a transporter.
 11473 | Gauntlet | Found a transporter.
 11473 | Gauntlet | Noticed an entropy weaver
 11494 | Gauntlet | Found a transporter.
 11511 | Gauntlet | Found a transporter.
 11515 | Gauntlet | Found a transporter.
 11516 | Gauntlet | Noticed a catoblepas
 11526 | Gauntlet | Found a transporter.
 11527 | Gauntlet | Found a transporter.
 11528 | Gauntlet | Found a runed translucent door.
 11602 | Gauntlet | Reached skill level 5 in Fire Magic
 11723 | Gauntlet | Identified the +2 pair of boots of Omission {rC+ Dex+4}
 11727 | Gauntlet | Identified the +7 great sword of Saltpetre {flame, rCorr
                  | MP+9}
 11827 | Gauntlet | Identified the +8 lajatang of Kymufus {freeze, rC+ Dex+7}
 11827 | Gauntlet | Noticed a minotaur
 11839 | Gauntlet | Killed a minotaur
 11847 | Gauntlet | Identified the +7 spear of Voimenk {vorpal, *Corrode Will+
                  | Int+4}
 11848 | Gauntlet | Got the Handbook of Overcast Embers
 12260 | Lair:1   | Noticed a five-headed hydra
 12262 | Lair:1   | Killed a five-headed hydra
 12420 | Lair:1   | Found a runed translucent gate.
 12420 | Lair:1   | Found a runed translucent gate.
 12420 | Lair:1   | Found a runed translucent gate.
 12420 | Lair:1   | Noticed a great orb of eyes
 12421 | Lair:1   | Noticed mkat's ghost (journeyman DrCK)
 12480 | Lair:1   | Found a viscous altar of Jiyva.
 12877 | Lair:2   | Offered knowledge of Flame Wave by Vehumet.
 13484 | Lair:3   | Noticed a boulder beetle
 13490 | Lair:3   | Killed a boulder beetle
 13554 | Lair:3   | Reached XP level 13. HP: 66/66 MP: 37/37
 13851 | Lair:3   | Found a staircase to the Snake Pit.
 14083 | Lair:3   | Found a staircase to the Shoals.
 14178 | Lair:3   | Noticed Gastronok
 14181 | Lair:3   | Killed Gastronok
 14703 | Lair:4   | Found a frozen archway.
 14712 | IceCv    | Entered an ice cave
 14738 | IceCv    | Reached skill level 15 in Conjurations
 14827 | IceCv    | Offered knowledge of Iron Shot by Vehumet.
 15073 | IceCv    | Found an ancient bone altar of Kikubaaqudgha.
 16296 | Lair:4   | Found a viscous altar of Jiyva.
 16301 | Lair:4   | Found a staircase to the Slime Pits.
 16306 | Lair:4   | Reached XP level 14. HP: 64/72 MP: 34/39
 16426 | Lair:4   | Learned a level 6 spell: Iron Shot
 16428 | Lair:5   | Entered Level 5 of the Lair of Beasts
 16431 | Lair:5   | Offered knowledge of Iskenderun's Battlesphere by Vehumet.
 16523 | Lair:5   | Reached skill level 10 in Fire Magic
 16644 | Lair:5   | Identified the amulet of Fuaqoh {RegenMP +Blink Will+ Str+3
                  | Dex+3}
 18067 | D:11     | Gained mutation: You occasionally shout uncontrollably at
                  | your foes. [potion of mutation]
 18067 | D:11     | Gained mutation: Your spells are a little easier to cast,
                  | but a little less powerful. [potion of mutation]
 18067 | D:11     | Gained mutation: Your system is resistant to poisons.
                  | (rPois) [potion of mutation]
 18068 | D:11     | Lost mutation: Your system is resistant to poisons. (rPois)
                  | [potion of mutation]
 18068 | D:11     | Lost mutation: You occasionally shout uncontrollably at
                  | your foes. [potion of mutation]
 18068 | D:11     | Gained mutation: Your movements are slightly less
                  | encumbered by armour. (ER -2) [potion of mutation]
 18068 | D:11     | Gained mutation: You are partially covered in iridescent
                  | scales. (AC +2) [potion of mutation]
 18069 | D:11     | Lost mutation: Your spells are a little easier to cast, but
                  | a little less powerful. [potion of mutation]
 18069 | D:11     | Lost mutation: You are partially covered in iridescent
                  | scales. (AC +2) [potion of mutation]
 18069 | D:11     | Lost mutation: Your movements are slightly less encumbered
                  | by armour. (ER -2) [potion of mutation]
 18069 | D:11     | Gained mutation: You are agile. (Dex +4, Str/Int -1)
                  | [potion of mutation]
 18069 | D:11     | Gained mutation: You are dopey. (Int -2) [potion of
                  | mutation]
 18070 | D:11     | Lost mutation: You are dopey. (Int -2) [potion of mutation]
 18070 | D:11     | Lost mutation: You are agile. (Dex +4, Str/Int -1) [potion
                  | of mutation]
 18070 | D:11     | Gained mutation: Armour fits poorly on your strangely
                  | shaped body. [potion of mutation]
 18070 | D:11     | Gained mutation: You have sharp toenails. [potion of
                  | mutation]
 18072 | Orc:1    | Entered Level 1 of the Orcish Mines
 18122 | Orc:2    | Entered Level 2 of the Orcish Mines
 18122 | Orc:2    | Found Wisuitoc's Distillery.
 18179 | Orc:2    | Found Peim's Antique Weapon Boutique.
 18189 | Orc:2    | Offered knowledge of Irradiate by Vehumet.
 18397 | Orc:2    | Found Tihuic's Book Shop.
 18453 | Orc:2    | Noticed an orc warlord
 18457 | Orc:2    | Killed an orc warlord
 18607 | Orc:2    | Found a staircase to the Elven Halls.
 18645 | Orc:2    | Found Fexyirpho's General Store.
 18764 | Orc:2    | Bought a scroll of enchant armour for 120 gold pieces
 18810 | Orc:2    | Found Qeinker's Antique Armour Shop.
 18827 | Orc:2    | Bought a jewelled cloak for 370 gold pieces
 18827 | Orc:2    | Identified the +1 cloak of a ziggurat {+Inv rC+ rCorr} (You
                  | bought it in a shop on level 2 of the Orcish Mines)
 19310 | D:12     | Found Zom Cupn's Antique Armour Shop.
 20346 | D:13     | Noticed Sonja
 20347 | D:13     | Killed Sonja
 20356 | D:13     | Reached XP level 15. HP: 76/76 MP: 42/42
 20896 | D:14     | Noticed Urug
 20896 | D:14     | Found a gate to the Vaults.
 20904 | D:14     | Killed Urug
 21505 | D:14     | Learned a level 9 spell: Fire Storm
 21941 | D:15     | Entered Level 15 of the Dungeon
 22034 | D:15     | Found an ancient bone altar of Kikubaaqudgha.
 22063 | D:15     | Offered knowledge of Ozocubu's Refrigeration by Vehumet.
 22144 | D:15     | Found a staircase to the Depths.
 22243 | D:15     | Identified the +3 long sword "Giantbane" {venom, rC+ Dex+2}
 22833 | Elf:1    | Entered Level 1 of the Elven Halls
 22833 | Elf:1    | Found Hudwin's Antique Armour Shoppe.
 22897 | Elf:1    | Noticed a deep elf sorcerer
 22899 | Elf:1    | Killed a deep elf sorcerer
 22905 | Elf:1    | Noticed an Ice Fiend
 23059 | Elf:1    | Got the Incunabulum of Conflict
 23080 | Elf:1    | Reached XP level 16. HP: 80/80 MP: 44/44
 23262 | Elf:1    | Noticed Aizul
 23269 | Elf:1    | Killed Aizul
 23519 | Elf:1    | Noticed Zenata
 23525 | Elf:1    | Killed Zenata
 23711 | Elf:1    | Identified the ring "Kaisseini" {rF+ rC+ rN+ Dex-3}
 23819 | Elf:1    | Paralysed by an air elemental for 1 turns
 23824 | Elf:1    | Identified the amulet "Doadal" {Spirit Int+6 Dex+4}
 23849 | Elf:1    | Identified the ring of Gozag's Supremacy {rF- rCorr Int-5
                  | Dex+8 Stlth+}
 23863 | Elf:1    | Identified the amulet of the Sky {Acrobat rElec rPois rC+
                  | Dex+7}
 24258 | Elf:1    | Got the Lectures on Beckoning
 24332 | Elf:1    | Bought a warped robe for 125 gold pieces
 24332 | Elf:1    | Identified the +0 robe of the Camelopard {rF++ Regen+ Int-4
                  | Stlth+} (You bought it in a shop on level 1 of the Elven
                  | Halls)
 24416 | Elf:1    | Acquired 1235 gold pieces
 24418 | Elf:1    | Acquired 814 gold pieces
 24466 | Elf:2    | Offered knowledge of Orb of Destruction by Vehumet.
 24589 | Elf:2    | Reached skill level 15 in Fire Magic
 24631 | Elf:2    | Found Ashitoh's Weapon Boutique.
 24667 | Elf:2    | Found a huge runed translucent gate.
 24667 | Elf:2    | Found a huge runed translucent gate.
 24677 | Elf:2    | Found a huge runed translucent gate.
 24700 | Elf:2    | Noticed a deep elf blademaster
 24706 | Elf:2    | Killed a deep elf blademaster
 24978 | Elf:2    | Noticed a deep elf blademaster
 24981 | Elf:2    | Killed a deep elf blademaster
 25430 | Elf:2    | Found a huge runed translucent gate.
 25430 | Elf:2    | Found a huge runed translucent gate.
 25695 | Elf:2    | Reached XP level 17. HP: 84/84 MP: 47/47
 25939 | Elf:3    | Entered Level 3 of the Elven Halls
 26049 | Elf:3    | Noticed a deep elf master archer
 26053 | Elf:3    | Killed a deep elf master archer
 26238 | Elf:3    | Noticed a deep elf master archer
 26240 | Elf:3    | Noticed a deep elf blademaster
 26241 | Elf:3    | Killed a deep elf blademaster
 26241 | Elf:3    | Killed a deep elf master archer
 26248 | Elf:3    | Noticed a Brimstone Fiend
 26251 | Elf:3    | Noticed a Brimstone Fiend
 26277 | Elf:3    | Noticed a deep elf blademaster
 26284 | Elf:3    | Killed a deep elf blademaster
 26347 | Elf:3    | Noticed a deep elf master archer
 26349 | Elf:3    | Killed a deep elf master archer
 26356 | Elf:3    | Noticed a Hell Sentinel
 26357 | Elf:3    | Noticed a Brimstone Fiend
 26495 | Elf:3    | Reached ****** piety under Vehumet
 26573 | Elf:3    | Identified the +1 leather armour of Ciasu {rC++ Int-5
                  | Slay+5}
 26935 | Elf:3    | Identified the +3 demon trident of Ihez {elec, *Slow Fly
                  | rN++ Stlth+}
 26963 | Elf:3    | Identified the +1 robe of Qaadir {rF++ MP-9}
 27082 | Elf:3    | Identified the +10 plate armour of Shadows and Fog {Harm
                  | Rampage *Slow Stlth+}
 27085 | Elf:3    | Identified the +5 arbalest of the Conjuring Enemy {venom,
                  | rElec Int-4 Dex+3 Stlth+}
 27107 | Elf:3    | Got the Folio of Hexes
 27846 | Depths:1 | Entered Level 1 of the Depths
 27863 | Depths:1 | Reached XP level 18. HP: 85/89 MP: 49/49
 27875 | Depths:1 | Offered knowledge of Lehudib's Crystal Spear by Vehumet.
 27875 | Depths:1 | Offered knowledge of Ignition by Vehumet.
 27875 | Depths:1 | Offered knowledge of Maxwell's Capacitive Coupling by
                  | Vehumet.
 28122 | Depths:1 | Found a gateway to Hell.
 28496 | Depths:1 | Found a one-way gate leading to the halls of Pandemonium.
 28544 | Depths:1 | Found a huge runed gate.
 28544 | Depths:1 | Found a huge runed gate.
 28545 | Depths:1 | Found a huge runed gate.
 28546 | Depths:1 | Found a huge runed gate.
 28547 | Depths:1 | Found a huge runed gate.
 28547 | Depths:1 | Found a huge runed gate.
 28548 | Depths:1 | Found a huge runed gate.
 28549 | Depths:1 | Found a huge runed gate.
 28549 | Depths:1 | Found a huge runed gate.
 28550 | Depths:1 | Found a huge runed gate.
 28550 | Depths:1 | Found a huge runed gate.
 28551 | Depths:1 | Found a huge runed gate.
 28552 | Depths:1 | Found a huge runed gate.
 28553 | Depths:1 | Found a huge runed gate.
 28561 | Depths:1 | Found a huge runed gate.
 28561 | Depths:1 | Found a huge runed gate.
 28561 | Depths:1 | Found a huge runed gate.
 28561 | Depths:1 | Found a huge runed gate.
 28561 | Depths:1 | Found a huge runed gate.
 28561 | Depths:1 | Found a huge runed gate.
 28562 | Depths:1 | Found a huge runed gate.
 28563 | Depths:1 | Found a huge runed gate.
 28564 | Depths:1 | Found a huge runed gate.
 28572 | Depths:1 | Found a huge runed gate.
 28572 | Depths:1 | Found a huge runed gate.
 28572 | Depths:1 | Found a huge runed gate.
 28572 | Depths:1 | Found a huge runed gate.
 28572 | Depths:1 | Found a huge runed gate.
 28572 | Depths:1 | Found a huge runed gate.
 28573 | Depths:1 | Found a huge runed gate.
 28578 | Depths:1 | Found a huge runed gate.
 28579 | Depths:1 | Found a huge runed gate.
 28587 | Depths:1 | Found a huge runed gate.
 28587 | Depths:1 | Found a huge runed gate.
 28587 | Depths:1 | Found a huge runed gate.
 28587 | Depths:1 | Found a huge runed gate.
 28631 | Depths:1 | Noticed a golden dragon
 28631 | Depths:1 | Noticed a walking earthen tome
 28631 | Depths:1 | Noticed a caustic shrike
 28631 | Depths:1 | Noticed a walking earthen tome
 28633 | Depths:1 | Killed a golden dragon
 28633 | Depths:1 | Killed a walking earthen tome
 28633 | Depths:1 | Killed a caustic shrike
 28633 | Depths:1 | Killed a walking earthen tome
 28633 | Depths:1 | Killed a caustic shrike
 28634 | Depths:1 | Killed a caustic shrike
 28847 | Depths:1 | Learned a level 8 spell: Lehudib's Crystal Spear
 29060 | Shoals:1 | Entered Level 1 of the Shoals
 29227 | Shoals:1 | Identified the +7 long sword "Siocig" {pain, Fly rElec
                  | Will-}
 29498 | Shoals:2 | Identified the +8 scimitar of Bimpik {pain, rC+ Will++
                  | Dex-3}
 30120 | Shoals:3 | Found Tutor's Weapon Emporium.
 30256 | Shoals:3 | Identified the +4 spear of the Wizarding Seeker {flame, rC+
                  | rN+ Str+4}
 30369 | Shoals:3 | Found Goustosi's Visitors' Centre.
 30382 | Shoals:3 | Reached XP level 19. HP: 93/93 MP: 51/51
 30394 | Shoals:3 | Found Goustosi's Merfolk Magic.
 30394 | Shoals:3 | Found Goustosi's Merfolk Armours.
 30394 | Shoals:3 | Found Goustosi's Merfolk Weapons.
 30426 | Shoals:4 | Entered Level 4 of the Shoals
 30676 | Shoals:4 | Noticed Nikola
 30685 | Shoals:4 | Killed Nikola
 30817 | Shoals:4 | Got a barnacled rune of Zot
 30939 | Shoals:4 | Identified the ring of Decwotiu {rPois rCorr}
 31291 | Shoals:4 | Reached skill level 27 in Spellcasting
 31680 | Vaults:1 | Entered Level 1 of the Vaults
 31704 | Vaults:1 | Found a magical portal.
 31709 | WizLab   | Entered Tukima's Studio
 31767 | WizLab   | Found the +0 pair of fencer's gloves {Riposte Dex+3}
 31774 | WizLab   | Identified the +1 triple crossbow "Qaoduuroel" {speed,
                  | *Corrode Fly rC+ Will+}
 31914 | WizLab   | Got Sif Muna's Grimoire of Charms
 32259 | Vaults:1 | You fall into a shaft and drop 1 floor!
 32278 | Vaults:2 | Reached skill level 1 in Earth Magic
 32346 | Vaults:2 | Found a glowing silver altar of Zin.
 32346 | Vaults:2 | Found a glowing golden altar of the Shining One.
 32356 | Vaults:2 | Found a white marble altar of Elyvilon.
 32356 | Vaults:2 | Found a crumbling gateway.
 32379 | Desolati | Entered the Desolation of Salt
 32590 | Desolati | Identified the +1 ring mail "Seamip" {rElec rF- rC+}
 32590 | Desolati | Identified the ring of Wu Jian's Supremacy {rElec rC+ rN+
                  | Int-4 Dex+2}
 32609 | Desolati | Identified the ring "Qimaomov" {Fly Str+3}
 32613 | Desolati | Got the Tome of Poison and Shapeshifting
 32730 | Desolati | Reached XP level 20. HP: 97/103 MP: 51/53
 32746 | Desolati | Identified the +8 morningstar of the Imperium {holy, rN+}
 32806 | Desolati | Identified the +3 buckler of Duty {rF- Int+6 Dex+2}
 32806 | Desolati | Identified the ring "Ynaegic" {Contam rPois rC+ Int+6}
 32821 | Desolati | Found the +18 shield of the Gong {rElec rN+ Will+ EV-5}
 32891 | Desolati | Identified the +0 pair of gloves of the Lost Riding Seas
                  | {rCorr Int+4 Dex-3}
 32909 | Desolati | Identified the ring of Fanaticism {Ice rElec Will- rCorr
                  | Dex+3}
 32913 | Desolati | Identified the +5 arbalest of the Original Sin {freeze,
                  | rElec Will++ MP+9}
 33316 | Vaults:2 | Lost mutation: You have sharp toenails. [potion of
                  | mutation]
 33316 | Vaults:2 | Lost mutation: Armour fits poorly on your strangely shaped
                  | body. [potion of mutation]
 33316 | Vaults:2 | Gained mutation: Armour fits poorly on your strangely
                  | shaped body. [potion of mutation]
 33316 | Vaults:2 | Gained mutation: You are robust. (+10% HP) [potion of
                  | mutation]
 33316 | Vaults:2 | Gained mutation: You passively map a small area around you.
                  | [potion of mutation]
 33316 | Vaults:2 | Gained mutation: You expend magic power (3 MP) to
                  | strengthen your wands. [potion of mutation]
 33498 | Vaults:2 | Reached skill level 5 in Earth Magic
 33868 | Vaults:2 | Identified the +3 mace "Beastslayer" {antimagic, Contam
                  | rElec rN+ Str+4}
 34481 | Vaults:3 | Reached skill level 10 in Stealth
 34786 | Vaults:3 | Found a staircase to the Crypt.
 34804 | Vaults:3 | Found Yxtiyfae's Book Boutique.
 34835 | Vaults:3 | Bought a book of Power for 798 gold pieces
 34835 | Vaults:3 | Bought Sif Muna's Writings on the Entrancing Winter for 912
                  | gold pieces
 35326 | Vaults:4 | Noticed Frederick
 35328 | Vaults:4 | Killed Frederick
 35636 | Vaults:4 | Found a flickering gateway to a bazaar.
 35645 | Bazaar   | Entered a bazaar
 35665 | Bazaar   | Found Uzedghuott's Jewellery Shop.
 35673 | Bazaar   | Bought the amulet of the King {Reflect rN+++ Will- rCorr
                  | Dex+6 SH+5} for 1224 gold pieces
 35676 | Bazaar   | Found Etwi Idwaitt's Antique Armour Shoppe.
 35679 | Bazaar   | Found Nakkod's Jewellery Boutique.
 35684 | Bazaar   | Found Kewuhinn's Antique Weapon Boutique.
 35824 | Vaults:4 | Reached XP level 21. HP: 118/118 MP: 36/54
 35922 | Vaults:4 | Learned a level 7 spell: Spellforged Servitor
 36240 | Vaults:4 | Acquired 253 gold pieces
 36254 | Vaults:4 | Noticed Xtahua
 36259 | Vaults:4 | Killed Xtahua
 36431 | Vaults:4 | Reached skill level 1 in Summonings
 36978 | Vaults:4 | Identified the +6 dagger of Vuenakhef {drain, rPois Str+3}
 37037 | Vaults:5 | Entered Level 5 of the Vaults
 37044 | Vaults:5 | Reached skill level 5 in Dodging
 37069 | Vaults:5 | Noticed Margery
 37072 | Vaults:5 | Killed Margery
 37096 | Vaults:5 | Identified the +8 sling "Goennopri" {freeze, Fly rF- rN+
                  | Dex+9}
 37103 | Vaults:5 | Reached skill level 10 in Earth Magic
 37105 | Vaults:5 | Noticed a golden dragon
 37111 | Vaults:5 | Killed a golden dragon
 37175 | Vaults:5 | HP: 5/118 [fire giant/bolt of fire (31)]
 37373 | Vaults:5 | Reached XP level 22. HP: 123/123 MP: 55/55
 37544 | Vaults:5 | Reached skill level 5 in Summonings
 37902 | Vaults:5 | Found Ebuyhiops's Armour Shoppe.
 37950 | Vaults:5 | Identified the +4 scimitar "Berimnawn" {vorpal, Fragile
                  | Int+6 SInv}
 38057 | Vaults:5 | Noticed a golden dragon
 38059 | Vaults:5 | Killed a golden dragon
 38165 | Vaults:5 | Found Diyxior's Distillery.
 38171 | Vaults:5 | Bought a potion of mutation for 112 gold pieces
 38171 | Vaults:5 | Bought a potion of magic for 112 gold pieces
 38171 | Vaults:5 | Bought a potion of curing for 42 gold pieces
 38171 | Vaults:5 | Bought a potion of mutation for 112 gold pieces
 38173 | Vaults:5 | Found Popna's Magic Scroll Shoppe.
 38183 | Vaults:5 | Bought a scroll of teleportation for 36 gold pieces
 38183 | Vaults:5 | Bought a scroll of blinking for 90 gold pieces
 38183 | Vaults:5 | Bought a scroll of enchant armour for 90 gold pieces
 38290 | Vaults:5 | Found Zank's Magic Scroll Emporium.
 38294 | Vaults:5 | Found Dohouwoj's Magic Scroll Boutique.
 38295 | Vaults:5 | Bought a scroll of teleportation for 57 gold pieces
 38295 | Vaults:5 | Bought a scroll of teleportation for 57 gold pieces
 38295 | Vaults:5 | Bought a scroll of blinking for 142 gold pieces
 38302 | Vaults:5 | Bought a scroll of enchant armour for 135 gold pieces
 38402 | Vaults:5 | Found Couw's Distillery.
 38403 | Vaults:5 | Found Kisyr's Antique Armour Boutique.
 38407 | Vaults:5 | Bought a pair of shimmering gloves for 370 gold pieces
 38407 | Vaults:5 | Identified the +2 pair of gloves of Whack-A-Mole {rN+
                  | Dex+3} (You bought it in a shop on level 5 of the Vaults)
 38411 | Vaults:5 | Got a silver rune of Zot
 38418 | Vaults:5 | Bought a potion of brilliance for 56 gold pieces
 38418 | Vaults:5 | Bought a potion of curing for 42 gold pieces
 38418 | Vaults:5 | Bought a potion of curing for 42 gold pieces
 38418 | Vaults:5 | Bought a potion of curing for 42 gold pieces
 38418 | Vaults:5 | Bought a potion of heal wounds for 70 gold pieces
 38921 | Slime:1  | Entered Level 1 of the Pits of Slime
 38930 | Slime:1  | Reached skill level 27 in Conjurations
 39337 | Slime:3  | Reached skill level 5 in Fighting
 40075 | Slime:5  | Entered Level 5 of the Pits of Slime
 40092 | Slime:5  | Reached skill level 10 in Dodging
 40098 | Slime:5  | Noticed the Royal Jelly
 40099 | Slime:5  | Killed the Royal Jelly
 40120 | Slime:5  | Reached XP level 23. HP: 120/136 MP: 56/56
 40191 | Slime:5  | Found the +8 mithril axe "Arga" {speed, Will+}
 40192 | Slime:5  | Found the +8 demon trident "Rift" {distort, reach+}
 40202 | Slime:5  | Got the Catalogue of the Mountains and Shaping
 40227 | Slime:5  | Identified the +1 leather armour of the Shining Light
                  | {rElec rPois Will-}
 40230 | Slime:5  | Identified the +1 plate armour "Deuj" {+Inv rC+ Str-2}
 40267 | Slime:5  | Identified the +1 war axe "Rucy" {protect, Fly rC- rN+}
 40274 | Slime:5  | Identified the +8 hand axe of Extremism {vorpal, Dex+4}
 40294 | Slime:5  | Got a slimy rune of Zot
 40673 | Slime:5  | Lost mutation: You expend magic power (3 MP) to strengthen
                  | your wands. [potion of mutation]
 40673 | Slime:5  | Lost mutation: You passively map a small area around you.
                  | [potion of mutation]
 40673 | Slime:5  | Lost mutation: Armour fits poorly on your strangely shaped
                  | body. [potion of mutation]
 40673 | Slime:5  | Lost mutation: You are robust. (+10% HP) [potion of
                  | mutation]
 40673 | Slime:5  | Gained mutation: You are clumsy. (Dex -2) [potion of
                  | mutation]
 40673 | Slime:5  | Gained mutation: You have a beak for a mouth. [potion of
                  | mutation]
 40673 | Slime:5  | Gained mutation: You have sharp toenails. [potion of
                  | mutation]
 40674 | Slime:5  | Lost mutation: You have sharp toenails. [potion of
                  | mutation]
 40674 | Slime:5  | Lost mutation: You have a beak for a mouth. [potion of
                  | mutation]
 40674 | Slime:5  | Lost mutation: You are clumsy. (Dex -2) [potion of
                  | mutation]
 40674 | Slime:5  | Gained mutation: Armour fits poorly on your strangely
                  | shaped body. [potion of mutation]
 40674 | Slime:5  | Gained mutation: You are robust. (+10% HP) [potion of
                  | mutation]
 40843 | Snake:1  | Entered Level 1 of the Snake Pit
 41048 | Snake:1  | Noticed Rupert
 41050 | Snake:1  | Killed Rupert
 41500 | Snake:1  | Found Ekhliploef's Book Boutique.
 41504 | Snake:1  | Found Cin Yki's Book Shop.
 41505 | Snake:1  | Found Wawkiez's General Store.
 41508 | Snake:1  | Bought a book of Annihilations for 840 gold pieces
 41518 | Snake:1  | Learned a level 9 spell: Shatter
 42050 | Snake:2  | Noticed Saint Roka
 42053 | Snake:2  | Killed Saint Roka
 42153 | Snake:2  | Found a transporter.
 42157 | Snake:2  | Found a transporter.
 42158 | Snake:2  | Noticed Kicir's ghost (adept GnFi)
 42222 | Snake:2  | Killed Kicir's ghost
 42468 | Snake:2  | Noticed Kirke
 42469 | Snake:2  | Killed Kirke
 43269 | Snake:3  | Found Zedeosm's General Store.
 43277 | Snake:3  | Bought a potion of brilliance for 68 gold pieces
 43337 | Snake:3  | Identified the +5 hand axe "Wabeuh" {vorpal, *Corrode
                  | Will+++ Int+3}
 43453 | Snake:3  | Found an opulent altar of Gozag.
 43547 | Snake:4  | Entered Level 4 of the Snake Pit
 44341 | Snake:4  | Reached skill level 10 in Fighting
 44496 | Snake:4  | Got a serpentine rune of Zot
 45037 | Depths:2 | Reached skill level 15 in Dodging
 45208 | Depths:2 | Reached XP level 24. HP: 149/152 MP: 56/56
 45383 | Depths:2 | Found a one-way gateway to a ziggurat.
 45460 | Depths:2 | Identified the +4 chain mail of Protective Custody {rElec
                  | rPois rN+}
 45507 | Depths:2 | Identified the +4 great sword of the Summoning Gods
                  | {vorpal, Int+4}
 45804 | Depths:2 | Found Wythiybb's Book Emporium.
 45805 | Depths:2 | Found Xofob's Jewellery Boutique.
 45805 | Depths:2 | Found Jumuo's Jewellery Boutique.
 45811 | Depths:2 | Bought the ring of Levity {Wiz rPois rC+ MP+9 Stlth+} for
                  | 908 gold pieces
 46097 | Depths:3 | Noticed the Enchantress
 46099 | Depths:3 | Killed the Enchantress
 46381 | Depths:3 | Found a snail-covered altar of Cheibriados.
 47396 | Depths:4 | Entered Level 4 of the Depths
 47518 | Depths:4 | Identified the ring of Joliabru {Ice Fly rN+ Str+6 Slay-6}
 47518 | Depths:4 | Noticed Josephina
 47520 | Depths:4 | Killed Josephina
 47754 | Depths:4 | Found a hide-covered altar of Uskayaw.
 48198 | Depths:4 | Found a gate to the Realm of Zot.
 49719 | D:3      | Killed Abimelech's ghost
 49900 | D:6      | Killed KittyFluff's ghost
 49951 | D:6      | Voluntarily entered the Abyss.
 49952 | Abyss:1  | Found a corrupted altar of Lugonu.
 50409 | Abyss:4  | Reached XP level 25. HP: 165/165 MP: 44/56
 50696 | Abyss:4  | Reached skill level 15 in Earth Magic
 50728 | Abyss:4  | Got an abyssal rune of Zot
 50856 | D:6      | Escaped the Abyss
 51163 | Crypt:1  | Entered Level 1 of the Crypt
 51755 | Crypt:1  | Reached skill level 10 in Summonings
 51774 | Crypt:1  | Noticed Jory
 51777 | Crypt:1  | Killed Jory
 51794 | Crypt:1  | Identified the +9 war axe "Xeloc" {vorpal, *Corrode rElec
                  | rC++ Str+4}
 52023 | Crypt:1  | Identified the +8 chain mail of Dim Light {Rampage}
 52233 | Crypt:1  | Found an ancient bone altar of Kikubaaqudgha.
 53742 | Crypt:2  | Found a basalt altar of Yredelemnul.
 54090 | Crypt:3  | Entered Level 3 of the Crypt
 54732 | Crypt:3  | Found a basalt altar of Yredelemnul.
 54957 | Crypt:3  | Reached skill level 15 in Summonings
 54979 | Crypt:3  | Reached XP level 26. HP: 171/171 MP: 39/56
 55146 | Crypt:3  | Found a staircase to the Tomb.
 56116 | Crypt:3  | Got the Meditations on Despicable Deeds
 56257 | Crypt:3  | Identified the ring "Leutais" {rC+ rN+ Str+4 Stlth+}
 56257 | Crypt:3  | Identified the ring of Lantim {rC+ rN+ Will++ MP-9}
 56257 | Crypt:3  | Identified the ring of the Cockatrice {Drain rF+ rC+ rN+
                  | Slay+5}
 56265 | Crypt:3  | Identified the +5 fire dragon scales of Hospitality {rF++
                  | rC- Str+3 Dex+6}
 56403 | Crypt:3  | Learned a level 9 spell: Dragon's Call
 56483 | Tomb:1   | Entered Level 1 of the Tomb of the Ancients
 57127 | Tomb:1   | Noticed a royal mummy
 57129 | Tomb:1   | Killed a royal mummy
 57130 | Tomb:1   | Reached skill level 1 in Shields
 57142 | Tomb:1   | Noticed a royal mummy
 57146 | Tomb:1   | Killed a royal mummy
 57509 | Tomb:2   | Noticed a royal mummy
 57510 | Tomb:2   | Noticed a royal mummy
 57513 | Tomb:2   | Noticed a royal mummy
 57516 | Tomb:2   | Killed a royal mummy
 57524 | Tomb:2   | Killed a royal mummy
 57531 | Tomb:2   | Killed a royal mummy
 57541 | Tomb:2   | Noticed a royal mummy
 57544 | Tomb:2   | Killed a royal mummy
 59090 | Tomb:3   | Entered Level 3 of the Tomb of the Ancients
 59104 | Tomb:3   | Noticed a royal mummy
 59105 | Tomb:3   | Noticed a royal mummy
 59108 | Tomb:3   | Noticed a royal mummy
 59108 | Tomb:3   | Killed a royal mummy
 59112 | Tomb:3   | Killed a royal mummy
 59113 | Tomb:3   | Noticed a royal mummy
 59113 | Tomb:3   | Noticed a royal mummy
 59117 | Tomb:3   | Killed a royal mummy
 59117 | Tomb:3   | Killed a royal mummy
 59119 | Tomb:3   | Noticed a royal mummy
 59502 | Tomb:2   | Learned a level 7 spell: Summon Hydra
 59798 | Tomb:3   | Noticed a royal mummy
 59801 | Tomb:3   | Killed a royal mummy
 60178 | Tomb:3   | Noticed a royal mummy
 60179 | Tomb:3   | Noticed a royal mummy
 60181 | Tomb:3   | Killed a royal mummy
 60181 | Tomb:3   | Killed a royal mummy
 60182 | Tomb:3   | Reached XP level 27. HP: 101/176 MP: 55/56
 60182 | Tomb:3   | Killed a royal mummy
 60186 | Tomb:3   | Killed a royal mummy
 60776 | Tomb:3   | Identified the +5 plate armour "Bapanlef" {Harm rC+ Int-4}
 60860 | Tomb:3   | Identified the +1 ring mail "Byteruk" {rN+ Str+3}
 60865 | Tomb:3   | Identified the +2 hand axe "Haann" {freeze, Str+2}
 60867 | Tomb:3   | Identified the ring "Cyopisyi" {Drain Will+ Str+6 Int+8}
 60906 | Tomb:3   | Identified the +6 glaive "Zirebb" {vorpal, rPois}
 61017 | Tomb:3   | Got a golden rune of Zot
 61735 | Lair:1   | Killed mkat's ghost
 62077 | Zot:1    | Entered Level 1 of the Realm of Zot
 62929 | Zig:1    | Entered Level 1 of a ziggurat
 62962 | Zig:2    | Entered Level 2 of a ziggurat
 62965 | Zig:2    | Noticed Ime Vugh the pandemonium lord
 62967 | Zig:2    | Killed Ime Vugh the pandemonium lord
 62994 | Zig:3    | Entered Level 3 of a ziggurat
 63025 | Zig:4    | Entered Level 4 of a ziggurat
 63028 | Zig:4    | Noticed Hilic the pandemonium lord
 63030 | Zig:4    | Killed Hilic the pandemonium lord
 63064 | Zig:5    | Entered Level 5 of a ziggurat
 63120 | Zig:6    | Entered Level 6 of a ziggurat
 63129 | Zig:6    | Reached skill level 15 in Fighting
 63145 | Zig:6    | Identified the ring "Homna" {rC++ Will+}
 63161 | Zig:6    | Identified the +5 broad axe of Dominance {freeze, rElec
                  | rCorr}
 63163 | Zig:6    | Identified the -1 helmet of Soocar {rPois}
 63166 | Zig:7    | Entered Level 7 of a ziggurat
 63355 | Zig:7    | Found the +3 robe of Clouds {*Thunder rCloud rElec}
 63367 | Zig:7    | Identified the ring "Wonecvyu" {rC+ Str+4 Int+9 Slay-3}
 63396 | Zig:8    | Entered Level 8 of a ziggurat
 63403 | Zig:8    | Noticed a juggernaut
 63405 | Zig:8    | Killed a juggernaut
 63439 | Zig:9    | Entered Level 9 of a ziggurat
 63447 | Zig:9    | Noticed a dread lich
 63448 | Zig:9    | Killed a dread lich
 63448 | Zig:9    | Killed a dread lich
 63476 | Zig:9    | Identified the +2 robe of a Gauntlet {Rampage rPois Str-2}
 63479 | Zig:9    | Identified the +10 morningstar of the Changing Fool
                  | {protect, +Blink rElec rCorr MP+9}
 63506 | Zig:10   | Entered Level 10 of a ziggurat
 63525 | Zig:10   | Identified the +1 cloak "Nalefal" {rF- Regen+ Str+3}
 63542 | Zig:11   | Entered Level 11 of a ziggurat
 63551 | Zig:11   | Noticed a dread lich
 63551 | Zig:11   | Noticed an ancient lich
 63554 | Zig:11   | Killed an ancient lich
 63555 | Zig:11   | Killed a dread lich
 63641 | Zig:12   | Entered Level 12 of a ziggurat
 63650 | Zig:12   | Noticed Qaodaw the pandemonium lord
 63652 | Zig:12   | Killed Qaodaw the pandemonium lord
 63654 | Zig:12   | Noticed Fuessups the pandemonium lord
 63656 | Zig:12   | Killed Fuessups the pandemonium lord
 63720 | Zig:12   | Identified the +1 scale mail of Fedhas's Generosity {rC+
                  | Int+2}
 63731 | Zig:13   | Entered Level 13 of a ziggurat
 63796 | Zig:14   | Entered Level 14 of a ziggurat
 63905 | Zig:14   | Got Merr's Excursus on the Telluric Congregation
 63912 | Zig:14   | Identified the +7 demon blade of Hecsos {vorpal, Fly rElec
                  | Will-}
 63929 | Zig:14   | Learned a level 8 spell: Summon Horrible Things
 63930 | Zig:15   | Entered Level 15 of a ziggurat
 64125 | Zig:15   | Found the +12 glaive of Prune {vorpal}
 64132 | Zig:15   | Got the Guide on Burning Rime
 64137 | Zig:15   | Identified the +3 double sword of Amorality {venom, Fragile
                  | +Blink Str+4}
 64162 | Depths:2 | Lost mutation: Armour fits poorly on your strangely shaped
                  | body. [potion of mutation]
 64162 | Depths:2 | Lost mutation: You are robust. (+10% HP) [potion of
                  | mutation]
 64162 | Depths:2 | Gained mutation: You sometimes lose your temper in combat.
                  | [potion of mutation]
 64162 | Depths:2 | Gained mutation: Your flesh is cold resistant. (rC+)
                  | [potion of mutation]
 64162 | Depths:2 | Gained mutation: Your spells are a little easier to cast,
                  | but a little less powerful. [potion of mutation]
 64162 | Depths:2 | Gained mutation: You have hidden genetic potential. [potion
                  | of mutation]
 64163 | Depths:2 | Lost mutation: Your flesh is cold resistant. (rC+) [potion
                  | of mutation]
 64163 | Depths:2 | Lost mutation: You have hidden genetic potential. [potion
                  | of mutation]
 64163 | Depths:2 | Gained mutation: You passively dampen the noise of your
                  | surroundings. [potion of mutation]
 64163 | Depths:2 | Lost mutation: You sometimes lose your temper in combat.
                  | [potion of mutation]
 64163 | Depths:2 | Gained mutation: Your mind is acute. (Int +4, Str/Dex -1)
                  | [potion of mutation]
 64164 | Depths:2 | Lost mutation: You passively dampen the noise of your
                  | surroundings. [potion of mutation]
 64164 | Depths:2 | Lost mutation: Your mind is acute. (Int +4, Str/Dex -1)
                  | [potion of mutation]
 64164 | Depths:2 | Lost mutation: Your spells are a little easier to cast, but
                  | a little less powerful. [potion of mutation]
 64164 | Depths:2 | Gained mutation: You sometimes lose your temper in combat.
                  | [potion of mutation]
 64173 | Hell     | Entered the Vestibule of Hell
 64173 | Hell     | Noticed Geryon
 64183 | Hell     | Killed Geryon
 64187 | Hell     | HP: 8/177 [hell knight/+2 great mace (4)]
 64628 | Zig:1    | Entered Level 1 of a ziggurat
 64642 | Zig:2    | Entered Level 2 of a ziggurat
 64668 | Zig:3    | Entered Level 3 of a ziggurat
 64692 | Zig:4    | Entered Level 4 of a ziggurat
 64693 | Zig:4    | Noticed Ittes the pandemonium lord
 64695 | Zig:4    | Killed Ittes the pandemonium lord
 64717 | Zig:5    | Entered Level 5 of a ziggurat
 64814 | Zig:6    | Entered Level 6 of a ziggurat
 64837 | Zig:6    | Identified the +1 robe "Qint" {rF+}
 64846 | Zig:6    | Identified the +0 shortbow of Xes Qaj {venom, +Blink rPois
                  | rCorr Str-3}
 64850 | Zig:7    | Entered Level 7 of a ziggurat
 64880 | Zig:8    | Entered Level 8 of a ziggurat
 64903 | Zig:8    | Found the +3 crown of Dyrovepreva {rElec Int+2 SInv}
 64946 | Zig:9    | Entered Level 9 of a ziggurat
 64953 | Zig:9    | Noticed an ancient lich
 64954 | Zig:9    | Noticed a dread lich
 64954 | Zig:9    | Killed an ancient lich
 64954 | Zig:9    | Killed a dread lich
 64954 | Zig:9    | Killed a dread lich
 64989 | Zig:9    | Identified the +6 falchion "Zoaseq" {protect, rF+ rN++}
 64990 | Zig:9    | Identified the ring "Xooschask" {Ice rElec Dex+3}
 64992 | Zig:9    | Identified the +4 mace of the Mauling Gods {vamp, *Rage rN+
                  | rCorr}
 65002 | Zig:10   | Entered Level 10 of a ziggurat
 65013 | Zig:10   | Killed a royal mummy
 65014 | Zig:10   | Killed a royal mummy
 65465 | Zig:10   | Identified the +6 chain mail of Rohat {rPois}
 65485 | Zig:11   | Entered Level 11 of a ziggurat
 65568 | Zig:12   | Entered Level 12 of a ziggurat
 65889 | Zig:12   | Identified the +1 scale mail "Napeoquz" {+Inv rPois Int+3}
 65906 | Zig:12   | Learned a level 5 spell: Lightning Bolt
 65917 | Zig:12   | Learned a level 9 spell: Chain Lightning
 65917 | Zig:12   | Reached skill level 5 in Air Magic
 65919 | Zig:12   | Identified the +6 trident "Coidobb" {vorpal, Fragile rCorr
                  | Str-2 Dex+8}
 65923 | Zig:13   | Entered Level 13 of a ziggurat
 66001 | Zig:13   | Found the +8 Vampire's Tooth {vamp}
 66017 | Zig:13   | Identified the +3 pair of gloves of the Desolation of Salt
                  | {-Tele rElec rC+++ Stlth+}
 66037 | Zig:13   | Lost mutation: You sometimes lose your temper in combat.
                  | [potion of mutation]
 66037 | Zig:13   | Gained mutation: You are partially covered in iridescent
                  | scales. (AC +2) [potion of mutation]
 66043 | Zig:14   | Entered Level 14 of a ziggurat
 66056 | Zig:14   | Paralysed by an air elemental for 1 turns
 66115 | Zig:14   | Identified the ring of Vogocen {Fly Str+4}
 66138 | Zig:14   | Identified the +1 chain mail of the Sea {rC+}
 66142 | Zig:14   | Identified the +1 robe of Ashenzari's Generosity {rF+ Int-3
                  | Stlth+}
 66143 | Zig:14   | Identified the amulet "Kuobrien" {rC+ Regen+ Str+4 Dex-2
                  | Stlth+}
 66152 | Zig:14   | Lost mutation: You are partially covered in iridescent
                  | scales. (AC +2) [potion of mutation]
 66152 | Zig:14   | Gained mutation: You have a pair of small antennae on your
                  | head. [potion of mutation]
 66152 | Zig:14   | Gained mutation: You possess an exceptional clarity of
                  | mind. [potion of mutation]
 66152 | Zig:14   | Gained mutation: You passively dampen the noise of your
                  | surroundings. [potion of mutation]
 66159 | Zig:15   | Entered Level 15 of a ziggurat
 66407 | Zig:15   | Identified the +2 mace "Wuaran" {vorpal, Str+5}
 66410 | Zig:15   | Identified the +9 sling "Ruaxzid" {venom, rElec rN+ Will+
                  | Stlth+}
 66426 | Zig:15   | Identified the ring "Memmisux" {Wiz rN+}
 66432 | Zig:16   | Entered Level 16 of a ziggurat
 66450 | Zig:16   | Killed a dread lich
 66450 | Zig:16   | Killed a dread lich
 66450 | Zig:16   | Killed a dread lich
 66493 | Zig:16   | Identified the +2 robe "Hero's Friend" {Will++}
 66518 | Zig:17   | Entered Level 17 of a ziggurat
 66536 | Zig:17   | Noticed a dread lich
 66537 | Zig:17   | Noticed a dread lich
 66538 | Zig:17   | Killed a dread lich
 66540 | Zig:17   | Killed a dread lich
 66545 | Zig:17   | Reached skill level 10 in Air Magic
 66600 | Zig:17   | Found the +7 sceptre of Torment {pain, torment}
 66615 | Zig:17   | Identified the ring of Pojase {rC+ Will+}
 66627 | Zig:17   | Got the Grimoire of the Transposed Snake
 66628 | Zig:17   | Identified the +6 crystal plate armour "Meot" {-Tele Slay+6
                  | Stlth+}
 66640 | Zig:17   | Identified the +7 trident of Ziczee {vorpal, Int+2 Stlth+}
 66648 | Zig:18   | Entered Level 18 of a ziggurat
 67162 | Zig:18   | Identified the ring "Ocweipeph" {rN+ AC+4 Stlth+}
 67181 | Zig:18   | Identified the +2 ring mail "Ysoa" {rPois}
 67190 | Zig:19   | Entered Level 19 of a ziggurat
 67206 | Zig:19   | Killed a dread lich
 67208 | Zig:19   | Killed a dread lich
 67213 | Zig:19   | Killed an ancient lich
 67417 | Zig:19   | Identified the ring "Beudel" {rPois rC+ rCorr Str-3}
 67419 | Zig:19   | Identified the ring of Wostry {rPois rC+}
 67422 | Zig:19   | Identified the ring of Divine Intervention {*Slow rCorr
                  | MP+9 Str+9 Dex-4}
 67430 | Zig:19   | Got the Codex of the Well-Done Lithosphere
 67437 | Zig:20   | Entered Level 20 of a ziggurat
 67452 | Zig:20   | Noticed Xugey the pandemonium lord
 68071 | Zot:2    | Found a large runed translucent door.
 68071 | Zot:2    | Found a large runed translucent door.
 68076 | Zot:2    | Noticed Varphup's ghost (legendary FoFi)
 68304 | Zot:5    | Entered Level 5 of the Realm of Zot
 68406 | Zot:5    | Noticed an orb of fire
 68410 | Zot:5    | Killed an orb of fire
 68412 | Zot:5    | Noticed an orb of fire
 68416 | Zot:5    | Noticed an orb of fire
 68417 | Zot:5    | Killed an orb of fire
 68420 | Zot:5    | Noticed an orb of fire
 68438 | Zot:5    | Killed from afar by an orb of fire

Illustrated notes

Levels and vault maps discovered:
D:1:      psy_arrival_conway, layout_loops_corners, serial_bayou_crossing
D:2:      layout_basic, minivault_14
D:3:      layout_basic, mainiacjoe_overflow_chevrons, ebering_ghost_sewer_f,
          ebering_ecumenical_altar_abandoned, serial_bayou_pond_e,
          serial_bayou_pond_a
D:4:      layout_basic, guppyfry_shop_venom
D:5:      layout_rooms, lemuel_coloured_pillars_altar,
          minmay_temple_entry_statues_fountains, kennysheep_small_circle
D:6:      layout_loops_corners, mainiacjoe_overflow_cross_hatched,
          mainiacjoe_overflow_catch_the_wave, gammafunk_ghost_abyssal_escape,
          hangedman_abyss_or_decor_passed, guppyfry_early_elven_hall
D:7:      layout_basic, grunt_temple_overflow_open, serial_glass,
          glass_columns_c, glass_columns_a, glass_columns_a, glass_columns_b,
          glass_columns_a, glass_columns_b, glass_columns_a, glass_columns_c
D:8:      layout_loops_ring, nicolae_qazlal_eye_of_the_storm, okawaru_trees_1,
          nicolae_ashenzari_panopticon
D:9:      hangedman_cross_stitches, layout_long_grid, dpeg_lair_monsters,
          grunt_decor_cap, nicolae_shop_dragon_depot, statue_in_the_mist_lemuel,
          minmay_fire_ice_demons, uniq_prince_ribbit1
D:10:     layout_loops_cross, mainiacjoe_overflow_alcove_4, fedhas_altar_4,
          uniq_snorg
D:11:     layout_loops_ring, david_orc_2, gammafunk_ghost_icy, serial_shops,
          kennysheep_little_box, uniq_grum
D:12:     layout_basic, serial_shops, nicolae_shop_behind_doors
D:13:     layout_long_grid, einodemon_armed_red_devil_minivault, uniq_sonja
D:14:     layout_roguey, david_vaults_3, nicolae_integral_box
D:15:     gammafunk_depths_entry_grave, layout_long_grid,
          kiku_gazebo_pond_becter
Temple:   jpeg_temple_alley_garden
Lair:1:   layout_hall_layers, gammafunk_ghost_ooze, gauntlet_entry_generic
Lair:2:   layout_loops_ring
Lair:3:   layout_cave_pods, shoals_dummy_entry, guppyfry_snake_entry_garden,
          minmay_lair_oklob_bushes, nicolae_quartered_pool_medium,
          uniq_gastronok
Lair:4:   layout_layer_cave, minmay_slime_entry_oklob_enclosed,
          portal_ice_cave_entry_pillars_1
Lair:5:   grunt_lair_end_beastmaster, layout_hall_layers, lemuel_fruit_tree
Shoals:1: cheibrodos_shoals_baths, layout_shoals,
          nicolae_shoals_nymph_descending_staircase
Shoals:2: layout_shoals
Shoals:3: nicolae_shoals_mermall, layout_shoals, serial_shops, shop
Shoals:4: shoals_end_grunt_ice, layout_shoals, uniq_nikola
Snake:1:  layout_cave_shapes, st_stairs_1, minmay_shop_star, uniq_rupert
Snake:2:  layout_onion_interference, gammafunk_ghost_arena, grunt_ministairs_6,
          uniq_kirke, uniq_saint_roka
Snake:3:  layout_grid_shapes, serial_shops, shop, basic_altar,
          serial_bayou_shore_b, serial_bayou_shore_b
Snake:4:  hellmonk_snake_rune_quicksilver_temple, layout_cave_town,
          nicolae_snake_single_loop, st_stairs_5
Slime:1:  layout_caves
Slime:2:  layout_caves
Slime:3:  layout_caves
Slime:4:  layout_caves
Slime:5
Orc:1:    layout_diamond_mine
Orc:2:    grunt_orc_gardens, layout_diamond_mine, grunt_orc_garden,
          grunt_orc_garden, grunt_orc_garden, grunt_orc_garden, serial_shops,
          nicolae_shop_hallway_stairs
Elf:1:    minmay_the_grid_triangle_9x9_rhombus_thin
          [minmay_the_grid_triangle_9x9_limited_checkers,
          minmay_the_grid_triangle_9x9_prize_special,
          minmay_the_grid_triangle_9x9_impossible_snake,
          minmay_the_grid_triangle_9x9_warning], layout_geoelf_grid,
          serial_shops, nicolae_shop_window_shopping, minmay_elf_demonology,
          minmay_elf_annihilation, uniq_aizul, uniq_zenata
Elf:2:    elven_hall_of_blades_hangedman_alternative
          [nicolae_blade_entry_pointy_end], layout_onion_city, serial_shops,
          shop, palyth_stone_intersect, nicolae_elf_martial_mastery
Elf:3:    grunt_elf_hall_diamonds, layout_loops_corners, guppyfry_elf_garden
Vaults:1: mu_enter_wizlab_1, v_misc_23, serial_ice_h, nicolae_vaults_quadrants,
          v_rooms_2, hangedman_vaults_stream, ontoclasm_vaults_gateway,
          nicolae_vaults_angled_halls, layout_vaults_chaotic_city
Vaults:2: portal_desolation_entry_holy_temple, nicolae_vaults_gold_heap,
          nicolae_vaults_display_case, vaults_room_fours,
          nicolae_vaults_back_hallway, ontoclasm_vaults_decontamination,
          vaults_standard_mumra_enter_the_diamond, vaults_room_ringed_pool,
          v_rooms_3, hangedman_vaults_trim, vaults_dpeg_diagonal,
          nicolae_vaults_border_crossing, layout_vaults_omnibox
Vaults:3: nicolae_vaults_what_the_h, ontoclasm_vaults_misaligned,
          nicolae_vaults_three_branches, v_misc_25,
          minmay_crypt_entry_simple_statues, nicolae_vaults_little_squares_1,
          v_misc_18, v_pattern_2, v_misc_29, vaults_dpeg_doors,
          hangedman_vaults_slice, ontoclasm_vaults_pinch,
          layout_vaults_maze_bifur, serial_shops, shop
Vaults:4: nicolae_vaults_stairing_the_circle, nicolae_vaults_arrows,
          vaults_standard_mumra_lines, serial_ice_h,
          nicolae_vaults_specimen_jars, hangedman_vaults_restitches,
          hangedman_vaults_slice, nicolae_vaults_theta, v_misc_17,
          ontoclasm_vaults_loading_screen, nicolae_vaults_yaktaur_gun_rack,
          hangedman_vaults_stretched_pinwheel, grunt_vaults_diagonal,
          ontoclasm_vaults_twist, layout_vaults_omnicross, serial_shops,
          bzr_entry_islet, uniq_frederick, uniq_xtahua
Vaults:5: uniq_margery
Crypt:1:  lemuel_vampire_tower, layout_misc_corridors
Crypt:2:  layout_misc_corridors, basic_altar, minmay_misc_feat_alley
Crypt:3:  evilmike_haunted_forest
Tomb:1
Tomb:2
Tomb:3
Depths:1: layout_cave_pools, abyss_entry, grunt_pan_entry_zigzag, moated_statue,
          hell_entry, door_vault
Depths:2: dreamdust_isle_of_ice, layout_basic, enter_ziggurat_c,
          grunt_pan_entry_sceptre, hangedman_abyss_or_decor_stabs,
          abyss_entry_small_statue_room, hell_entry, minmay_shop_grove,
          firewood_loft
Depths:3: hangedman_elemental_death_ray, layout_gridville, hell_entry,
          marbit_kobold_abyss_entry, lemuel_round_altar,
          nicolae_triple_integral, uniq_enchantress
Depths:4: grunt_zot_entry_tricorne, layout_cave_pools,
          chequers_serial_rivers_micro_c, rand_demon_pan_entry_4,
          grunt_hell_entry_dis_grunt, minmay_misc_feat_five,
          nicolae_danse_macabre, uniq_josephina
Hell
Zot:1:    layout_misc_corridors, nicolae_rock_paper_scissors
Zot:2:    layout_gridlike, ebering_ghost_disaster_area
Zot:3:    dreamdust_black_sun_cult, layout_misc_corridors,
          lemuel_baited_zot_trap
Zot:4:    layout_cathedral_of_symmetry, st_stairs_6
Zot:5:    layout_gridville, drop_trap

Skill      XL: |  1  2  3  4  5  6  7  8  9 10 11 12 13 14 15 16 17 18 19 20 21 22 23 24 25 26 27 |
---------------+----------------------------------------------------------------------------------+-----
Conjurations   | 5 6 7 8 10 11 13 14 15 16 18 19 20 22 24 26 27 | 27.0
Dodging        | 3 4 6 11 15 18 26 | 26.0
Spellcasting   | 4 5 6 8 9 11 14 16 18 19 21 22 24 25 26 27 | 27.0
Stealth        | 3 4 5 6 7 11 13 | 13.7
Translocations | 1 2 4 |  4.9
Armour         | 1 2 3 4 |  4.0
Hexes          | 1 2 3 |  3.0
Evocations     | 1 2 |  2.1
Fighting       | 2 3 4 7 10 13 22 | 22.8
Fire Magic     | 3 6 9 12 14 16 18 20 21 | 21.0
Earth Magic    | 4 8 10 11 12 14 15 | 15.7
Summonings     | 4 6 15 21 22 | 22.2
Shields        | 1 |  1.0
Air Magic      | 13 | 13.0

Action                   |  1- 3 |  4- 6 |  7- 9 | 10-12 | 13-15 | 16-18 | 19-21 | 22-24 | 25-27 || total
-------------------------+-------+-------+-------+-------+-------+-------+-------+-------+-------++-------
Melee: Unarmed           |       |       |     1 |       |       |       |       |       |       ||     1
       Staff             |       |       |       |     1 |       |       |       |       |     1 ||     2
 Cast: Magic Dart        |    59 |    75 |   121 |   185 |   166 |    71 |    26 |    36 |    29 ||   768
       Searing Ray       |     1 |     5 |    23 |     2 |       |       |       |       |       ||    31
       Iskenderun's Myst |       |     1 |    14 |    30 |    36 |    37 |    69 |    60 |    59 ||   306
       Fulminant Prism   |       |       |    10 |    29 |     6 |    22 |       |       |       ||    67
       Fireball          |       |       |       |    42 |   254 |   273 |   104 |    73 |    88 ||   834
       Iron Shot         |       |       |       |       |    11 |     3 |    13 |    21 |    80 ||   128
       Fire Storm        |       |       |       |       |       |    33 |   173 |   314 |   283 ||   803
       Lehudib's Crystal |       |       |       |       |       |       |    15 |     7 |    38 ||    60
       Spellforged Servi |       |       |       |       |       |       |     8 |    27 |    86 ||   121
       Shatter           |       |       |       |       |       |       |       |     2 |    11 ||    13
       Dragon's Call     |       |       |       |       |       |       |       |       |    18 ||    18
       Summon Hydra      |       |       |       |       |       |       |       |       |    16 ||    16
       Summon Horrible T |       |       |       |       |       |       |       |       |     9 ||     9
       Chain Lightning   |       |       |       |       |       |       |       |       |     1 ||     1
 Abil: Evoke Blink       |       |       |       |       |       |       |       |     1 |     2 ||     3
Evoke: Wand              |       |     2 |     2 |       |       |       |       |     1 |       ||     5
       Figurine of a zig |       |       |       |       |       |       |       |       |     1 ||     1
  Use: Scroll            |     6 |       |     8 |     2 |    11 |     3 |    11 |     2 |    36 ||    79
       Potion            |       |       |       |       |     4 |     1 |    10 |     3 |    35 ||    53
Armor: Robe              |     1 |     1 |       |       |     1 |     1 |     6 |     5 |    26 ||    41
       Leather armour    |       |       |     5 |     3 |       |       |       |       |       ||     8
Dodge: Dodged            |     3 |    11 |     7 |    10 |     5 |     8 |    21 |    26 |   211 ||   302
Block: Other             |       |       |       |       |       |       |       |       |    24 ||    24
